Workbook

Sheet Orçamento
E1: MUNICÍPIO DE INOCÊNCIA/MS Rua João Batista Parreira, 522, Centro – CEP 79580-000 CNPJ: 03.342.938/0001-88 | I1: OBJETO: Construção de Escola padrão FNDE 09 salas de dois pavimentos
A2: ÁREA: 1.710,59 m² | E2: B.D.I. | F2: DATA DE REFERÊNCIA | I2: REFERÊNCIA
A3: LOCAL: Quadra 20 - Bairro Jardim Pantanal - Loteamento Santa Maria | E3: 0.25 | F3: 46153 | I3: SINAPI (03/2026) | SBC (04/2026) | AGESUL (01/2026) | CPOS/CDHU (04/2026) | FDE (01/2026) | N3: =1710.59/2 -> 855.295
A4: Planilha Orçamentária Sintética Com Valor do Material e da Mão de Obra
A5: Item | B5: Código | C5: Banco | D5: Descrição | E5: Und | F5: Quant. | G5: Valor Unit | H5: Valor Unit com BDI | K5: Total
H6: M. O. | I6: MAT. | J6: Total | K6: M. O. | L6: MAT. | M6: Total
A7: 1 | D7: SERVIÇOS PRELIMINARES | K7: =SUM(K8:K17) -> 46975.38 | L7: =SUM(L8:L17) -> 145455.38 | M7: =SUM(M8:M17) -> 192430.76 | N7: =M7/$M$788 -> 0.02
A8: 1.1 | B8: 103689 | C8: SINAPI | D8: FORNECIMENTO E INSTALAÇÃO DE PLACA DE OBRA COM CHAPA GALVANIZADA E ESTRUTURA DE MADEIRA. AF_03/2022_PS | E8: m² | F8: 6.48 | G8: 488.05 | H8: 35.85 | I8: 574.21 | J8: 610.06 | K8: 232.31 | L8: 3720.87 | M8: 3953.18 | N8: =M8/$M$788 -> 0
A9: 1.2 | B9: 98459 | C9: SINAPI | D9: TAPUME COM TELHA METÁLICA. AF_03/2024 | E9: m² | F9: 616 | G9: 83.85 | H9: 29.4 | I9: 75.41 | J9: 104.81 | K9: 18110.4 | L9: 46452.56 | M9: 64562.96 | N9: =M9/$M$788 -> 0.01
A10: 1.3 | B10: 101509 | C10: SINAPI | D10: ENTRADA DE ENERGIA ELÉTRICA, AÉREA, TRIFÁSICA, COM CAIXA DE EMBUTIR, CABO DE 10 MM2 E DISJUNTOR DIN 50A (NÃO INCLUSO O POSTE DE CONCRETO). AF_12/2025 | E10: UN | F10: 1 | G10: 2054.71 | H10: 486.53 | I10: 2081.85 | J10: 2568.38 | K10: 486.53 | L10: 2081.85 | M10: 2568.38 | N10: =M10/$M$788 -> 0
A11: 1.4 | B11: 0101002100 | C11: AGESUL | D11: INSTALACAO PROVISORIA DE AGUA E ESGOTO PARA OBRAS DE PORTE PEQUENO | E11: UN | F11: 1 | G11: 2433.25 | H11: 413.49 | I11: 2628.07 | J11: 3041.56 | K11: 413.49 | L11: 2628.07 | M11: 3041.56 | N11: =M11/$M$788 -> 0
A12: 1.5 | B12: 99059 | C12: SINAPI | D12: LOCAÇÃO CONVENCIONAL DE OBRA, UTILIZANDO GABARITO DE TÁBUAS CORRIDAS PONTALETADAS A CADA 2,00M - 2 UTILIZAÇÕES. AF_03/2024 | E12: M | F12: 799.9 | G12: 62.66 | H12: 33.47 | I12: 44.85 | J12: 78.32 | K12: 26772.65 | L12: 35875.51 | M12: 62648.16 | N12: =M12/$M$788 -> 0.01
A13: 1.6 | B13: 98525 | C13: SINAPI | D13: LIMPEZA MECANIZADA DE CAMADA VEGETAL, VEGETAÇÃO E PEQUENAS ÁRVORES (DIÂMETRO DE TRONCO MENOR QUE 0,20 M), COM TRATOR DE ESTEIRAS. AF_03/2024 | E13: m² | F13: 4800 | G13: 0.69 | H13: 0.2 | I13: 0.66 | J13: 0.86 | K13: 960 | L13: 3168 | M13: 4128 | N13: =M13/$M$788 -> 0
A14: 1.7 | B14: 0101001181 | C14: AGESUL | D14: LOCACAO DE CONTAINER PARA DEPOSITO DE (2,30 X 6,00)M, ALT. 2,50M, SEM DIVISORIAS INTERNAS E SEM SANITARIO, EXC TRANSP/CARGA/DESCARGA | E14: MES | F14: 14 | G14: 725.58 | H14: 0 | I14: 906.97 | J14: 906.97 | K14: 0 | L14: 12697.58 | M14: 12697.58 | N14: =M14/$M$788 -> 0
A15: 1.8 | B15: 0101001186 | C15: AGESUL | D15: LOCACAO DE CONTAINER 2,30 X 6,00 M, ALT. 2,50 M, COM 1 SANITARIO, PARA ESCRITORIO, COMPLETO, SEM DIVISORIAS INTERNAS, EXCLUSIVE TRANSPORTE/CARGA/DESCARGA | E15: MES | F15: 14 | G15: 928.75 | H15: 0 | I15: 1160.93 | J15: 1160.93 | K15: 0 | L15: 16253.02 | M15: 16253.02 | N15: =M15/$M$788 -> 0
A16: 1.9 | B16: 0101001191 | C16: AGESUL | D16: LOCACAO DE CONTAINER 2,30 X 4,30 M, ALT. 2,50 M, PARA SANITARIO, COM 3 BACIAS, 4 CHUVEIROS, 1 LAVATORIO E 1 MICTORIO, EXCLUSIVE TRANSPORTE/CARGA/DESCARGA | E16: MES | F16: 14 | G16: 1054.51 | H16: 0 | I16: 1318.13 | J16: 1318.13 | K16: 0 | L16: 18453.82 | M16: 18453.82 | N16: =M16/$M$788 -> 0
A17: 1.10 | B17: 0101001196 | C17: AGESUL | D17: MOBILIZACAO E DESMOBILIZACAO DE CONTAINER | E17: UN | F17: 3 | G17: 1099.76 | H17: 0 | I17: 1374.7 | J17: 1374.7 | K17: 0 | L17: 4124.1 | M17: 4124.1 | N17: =M17/$M$788 -> 0
A18: 2 | D18: MOVIMENTO DE TERRA PARA FUNDAÇÕES | K18: =K19+K25+K30+K34 -> 21865.99 | L18: =L19+L25+L30+L34 -> 67516.7 | M18: =M19+M25+M30+M34 -> 89382.69 | N18: =M18/$M$788 -> 0.01
A19: 2.1 | D19: Edificação | K19: =SUM(K20:K24) -> 17151.55 | L19: =SUM(L20:L24) -> 57218.94 | M19: =SUM(M20:M24) -> 74370.49 | N19: =M19/$M$788 -> 0.01
A20: 2.1.1 | B20: 96521 | C20: SINAPI | D20: ESCAVAÇÃO MECANIZADA PARA BLOCO DE COROAMENTO OU SAPATA COM RETROESCAVADEIRA (INCLUINDO ESCAVAÇÃO PARA COLOCAÇÃO DE FÔRMAS). AF_01/2024 | E20: m³ | F20: 243.57 | G20: 42.47 | H20: 15.22 | I20: 37.86 | J20: 53.08 | K20: 3707.14 | L20: 9221.55 | M20: 12928.69 | N20: =M20/$M$788 -> 0
A21: 2.1.2 | B21: 94318 | C21: SINAPI | D21: ATERRO MECANIZADO DE VALA COM RETROESCAVADEIRA (CAPACIDADE DA CAÇAMBA DA RETRO: 0,26 M³ / POTÊNCIA: 88 HP), LARGURA ATÉ 1,5 M, PROFUNDIDADE DE 1,5 A 3,0 M, COM SOLO ARGILO-ARENOSO. AF_08/2023 | E21: m³ | F21: 300.72 | G21: 66.72 | H21: 6.22 | I21: 77.18 | J21: 83.4 | K21: 1870.48 | L21: 23209.56 | M21: 25080.04 | N21: =M21/$M$788 -> 0
A22: 2.1.3 | B22: 96525 | C22: SINAPI | D22: ESCAVAÇÃO MECANIZADA PARA VIGA BALDRAME OU SAPATA CORRIDA COM MINI-ESCAVADEIRA (INCLUINDO ESCAVAÇÃO PARA COLOCAÇÃO DE FÔRMAS). AF_01/2024 | E22: m³ | F22: 378.23 | G22: 59.42 | H22: 20.93 | I22: 53.34 | J22: 74.27 | K22: 7916.35 | L22: 20174.79 | M22: 28091.14 | N22: =M22/$M$788 -> 0
A23: 2.1.4 | B23: 101617 | C23: SINAPI | D23: PREPARO DE FUNDO DE VALA COM LARGURA MAIOR OU IGUAL A 1,5 M E MENOR QUE 2,5 M (ACERTO DO SOLO NATURAL), EM LOCAL COM NÍVEL BAIXO DE INTERFERÊNCIA. AF_01/2026 | E23: m² | F23: 346.52 | G23: 3.34 | H23: 2.95 | I23: 1.22 | J23: 4.17 | K23: 1022.23 | L23: 422.75 | M23: 1444.98 | N23: =M23/$M$788 -> 0
A24: 2.1.5 | B24: 93381 | C24: SINAPI | D24: REATERRO MECANIZADO DE VALA COM RETROESCAVADEIRA (CAPACIDADE DA CAÇAMBA DA RETRO: 0,26 M³/POTÊNCIA: 88 HP), LARGURA 0,8 A 1,5 M, PROFUNDIDADE 1,5 A 3,0 M, COM SOLO (SEM SUBSTITUIÇÃO) DE 1ª CATEGORIA E COMPACTADOR DE SOLOS DE PERCUSSÃO. AF_08/2023 | E24: m³ | F24: 423.69 | G24: 12.89 | H24: 6.22 | I24: 9.89 | J24: 16.11 | K24: 2635.35 | L24: 4190.29 | M24: 6825.64 | N24: =M24/$M$788 -> 0
A25: 2.2 | D25: Reservatório | K25: =SUM(K26:K29) -> 569.76 | L25: =SUM(L26:L29) -> 1259.73 | M25: =SUM(M26:M29) -> 1829.49 | N25: =M25/$M$788 -> 0
A26: 2.2.1 | B26: 96521 | C26: SINAPI | D26: ESCAVAÇÃO MECANIZADA PARA BLOCO DE COROAMENTO OU SAPATA COM RETROESCAVADEIRA (INCLUINDO ESCAVAÇÃO PARA COLOCAÇÃO DE FÔRMAS). AF_01/2024 | E26: m³ | F26: 8.71 | G26: 42.47 | H26: 15.22 | I26: 37.86 | J26: 53.08 | K26: 132.57 | L26: 329.75 | M26: 462.32 | N26: =M26/$M$788 -> 0
A27: 2.2.2 | B27: 96525 | C27: SINAPI | D27: ESCAVAÇÃO MECANIZADA PARA VIGA BALDRAME OU SAPATA CORRIDA COM MINI-ESCAVADEIRA (INCLUINDO ESCAVAÇÃO PARA COLOCAÇÃO DE FÔRMAS). AF_01/2024 | E27: m³ | F27: 15.06 | G27: 59.42 | H27: 20.93 | I27: 53.34 | J27: 74.27 | K27: 315.21 | L27: 803.29 | M27: 1118.5 | N27: =M27/$M$788 -> 0
A28: 2.2.3 | B28: 101617 | C28: SINAPI | D28: PREPARO DE FUNDO DE VALA COM LARGURA MAIOR OU IGUAL A 1,5 M E MENOR QUE 2,5 M (ACERTO DO SOLO NATURAL), EM LOCAL COM NÍVEL BAIXO DE INTERFERÊNCIA. AF_01/2026 | E28: m² | F28: 19.38 | G28: 3.34 | H28: 2.95 | I28: 1.22 | J28: 4.17 | K28: 57.17 | L28: 23.64 | M28: 80.81 | N28: =M28/$M$788 -> 0
A29: 2.2.4 | B29: 93381 | C29: SINAPI | D29: REATERRO MECANIZADO DE VALA COM RETROESCAVADEIRA (CAPACIDADE DA CAÇAMBA DA RETRO: 0,26 M³/POTÊNCIA: 88 HP), LARGURA 0,8 A 1,5 M, PROFUNDIDADE 1,5 A 3,0 M, COM SOLO (SEM SUBSTITUIÇÃO) DE 1ª CATEGORIA E COMPACTADOR DE SOLOS DE PERCUSSÃO. AF_08/2023 | E29: m³ | F29: 10.42 | G29: 12.89 | H29: 6.22 | I29: 9.89 | J29: 16.11 | K29: 64.81 | L29: 103.05 | M29: 167.86 | N29: =M29/$M$788 -> 0
A30: 2.3 | D30: Estrutura Metálica | K30: =SUM(K31:K33) -> 1861.68 | L30: =SUM(L31:L33) -> 3985.08 | M30: =SUM(M31:M33) -> 5846.76 | N30: =M30/$M$788 -> 0
A31: 2.3.1 | B31: 96521 | C31: SINAPI | D31: ESCAVAÇÃO MECANIZADA PARA BLOCO DE COROAMENTO OU SAPATA COM RETROESCAVADEIRA (INCLUINDO ESCAVAÇÃO PARA COLOCAÇÃO DE FÔRMAS). AF_01/2024 | E31: m³ | F31: 91.36 | G31: 42.47 | H31: 15.22 | I31: 37.86 | J31: 53.08 | K31: 1390.5 | L31: 3458.88 | M31: 4849.38 | N31: =M31/$M$788 -> 0
A32: 2.3.2 | B32: 101617 | C32: SINAPI | D32: PREPARO DE FUNDO DE VALA COM LARGURA MAIOR OU IGUAL A 1,5 M E MENOR QUE 2,5 M (ACERTO DO SOLO NATURAL), EM LOCAL COM NÍVEL BAIXO DE INTERFERÊNCIA. AF_01/2026 | E32: m² | F32: 64.25 | G32: 3.34 | H32: 2.95 | I32: 1.22 | J32: 4.17 | K32: 189.54 | L32: 78.38 | M32: 267.92 | N32: =M32/$M$788 -> 0
A33: 2.3.3 | B33: 93381 | C33: SINAPI | D33: REATERRO MECANIZADO DE VALA COM RETROESCAVADEIRA (CAPACIDADE DA CAÇAMBA DA RETRO: 0,26 M³/POTÊNCIA: 88 HP), LARGURA 0,8 A 1,5 M, PROFUNDIDADE 1,5 A 3,0 M, COM SOLO (SEM SUBSTITUIÇÃO) DE 1ª CATEGORIA E COMPACTADOR DE SOLOS DE PERCUSSÃO. AF_08/2023 | E33: m³ | F33: 45.28 | G33: 12.89 | H33: 6.22 | I33: 9.89 | J33: 16.11 | K33: 281.64 | L33: 447.82 | M33: 729.46 | N33: =M33/$M$788 -> 0
A34: 2.4 | D34: Muro | K34: =SUM(K35:K39) -> 2283 | L34: =SUM(L35:L39) -> 5052.95 | M34: =SUM(M35:M39) -> 7335.95 | N34: =M34/$M$788 -> 0
A35: 2.4.1 | B35: 96521 | C35: SINAPI | D35: ESCAVAÇÃO MECANIZADA PARA BLOCO DE COROAMENTO OU SAPATA COM RETROESCAVADEIRA (INCLUINDO ESCAVAÇÃO PARA COLOCAÇÃO DE FÔRMAS). AF_01/2024 | E35: m³ | F35: 52.34 | G35: 42.47 | H35: 15.22 | I35: 37.86 | J35: 53.08 | K35: 796.61 | L35: 1981.59 | M35: 2778.2 | N35: =M35/$M$788 -> 0
A36: 2.4.2 | B36: 94318 | C36: SINAPI | D36: ATERRO MECANIZADO DE VALA COM RETROESCAVADEIRA (CAPACIDADE DA CAÇAMBA DA RETRO: 0,26 M³ / POTÊNCIA: 88 HP), LARGURA ATÉ 1,5 M, PROFUNDIDADE DE 1,5 A 3,0 M, COM SOLO ARGILO-ARENOSO. AF_08/2023 | E36: m³ | F36: 1.63 | G36: 66.72 | H36: 6.22 | I36: 77.18 | J36: 83.4 | K36: 10.14 | L36: 125.8 | M36: 135.94 | N36: =M36/$M$788 -> 0
A37: 2.4.3 | B37: 96525 | C37: SINAPI | D37: ESCAVAÇÃO MECANIZADA PARA VIGA BALDRAME OU SAPATA CORRIDA COM MINI-ESCAVADEIRA (INCLUINDO ESCAVAÇÃO PARA COLOCAÇÃO DE FÔRMAS). AF_01/2024 | E37: m³ | F37: 44.46 | G37: 59.42 | H37: 20.93 | I37: 53.34 | J37: 74.27 | K37: 930.55 | L37: 2371.49 | M37: 3302.04 | N37: =M37/$M$788 -> 0
A38: 2.4.4 | B38: 101617 | C38: SINAPI | D38: PREPARO DE FUNDO DE VALA COM LARGURA MAIOR OU IGUAL A 1,5 M E MENOR QUE 2,5 M (ACERTO DO SOLO NATURAL), EM LOCAL COM NÍVEL BAIXO DE INTERFERÊNCIA. AF_01/2026 | E38: m² | F38: 84.6 | G38: 3.34 | H38: 2.95 | I38: 1.22 | J38: 4.17 | K38: 249.57 | L38: 103.21 | M38: 352.78 | N38: =M38/$M$788 -> 0
A39: 2.4.5 | B39: 93381 | C39: SINAPI | D39: REATERRO MECANIZADO DE VALA COM RETROESCAVADEIRA (CAPACIDADE DA CAÇAMBA DA RETRO: 0,26 M³/POTÊNCIA: 88 HP), LARGURA 0,8 A 1,5 M, PROFUNDIDADE 1,5 A 3,0 M, COM SOLO (SEM SUBSTITUIÇÃO) DE 1ª CATEGORIA E COMPACTADOR DE SOLOS DE PERCUSSÃO. AF_08/2023 | E39: m³ | F39: 47.61 | G39: 12.89 | H39: 6.22 | I39: 9.89 | J39: 16.11 | K39: 296.13 | L39: 470.86 | M39: 766.99 | N39: =M39/$M$788 -> 0
A40: 3 | D40: FUNDAÇÕES | K40: =K41+K46+K56+K64+K70+K77+K88+K95+K104+K108 -> 198526.8 | L40: =L41+L46+L56+L64+L70+L77+L88+L95+L104+L108 -> 866676.11 | M40: =M41+M46+M56+M64+M70+M77+M88+M95+M104+M108 -> 1065202.9 | N40: =M40/$M$788 -> 0.1
A41: 3.1 | D41: Concreto Armado para Fundações - Estacas | K41: =SUM(K42:K45) -> 13493.66 | L41: =SUM(L42:L45) -> 208787.15 | M41: =SUM(M42:M45) -> 222280.8 | N41: =M41/$M$788 -> 0.02
A42: 3.1.1 | B42: 100897 | C42: SINAPI | D42: ESTACA ESCAVADA MECANICAMENTE, SEM FLUIDO ESTABILIZANTE, COM 40CM DE DIÂMETRO, CONCRETO LANÇADO POR CAMINHÃO BETONEIRA (EXCLUSIVE MOBILIZAÇÃO E DESMOBILIZAÇÃO). AF_01/2020 | E42: M | F42: 833 | G42: 129.28 | H42: 9.81 | I42: 151.79 | J42: 161.6 | K42: 8171.73 | L42: 126441.07 | M42: 134612.8 | N42: =M42/$M$788 -> 0.01
A43: 3.1.2 | B43: 100897 | C43: SINAPI | D43: ESTACA ESCAVADA MECANICAMENTE, SEM FLUIDO ESTABILIZANTE, COM 40CM DE DIÂMETRO, CONCRETO LANÇADO POR CAMINHÃO BETONEIRA (EXCLUSIVE MOBILIZAÇÃO E DESMOBILIZAÇÃO). AF_01/2020 - MURO | E43: M | F43: 196 | G43: 129.28 | H43: 9.81 | I43: 151.79 | J43: 161.6 | K43: 1922.76 | L43: 29750.84 | M43: 31673.6 | N43: =M43/$M$788 -> 0
A44: 3.1.3 | B44: 100897 | C44: SINAPI | D44: ESTACA ESCAVADA MECANICAMENTE, SEM FLUIDO ESTABILIZANTE, COM 40CM DE DIÂMETRO, CONCRETO LANÇADO POR CAMINHÃO BETONEIRA (EXCLUSIVE MOBILIZAÇÃO E DESMOBILIZAÇÃO). AF_01/2020 - RESERVATÓRIO | E44: M | F44: 42 | G44: 129.28 | H44: 9.81 | I44: 151.79 | J44: 161.6 | K44: 412.02 | L44: 6375.18 | M44: 6787.2 | N44: =M44/$M$788 -> 0
A45: 3.1.4 | B45: 100897 | C45: SINAPI | D45: ESTACA ESCAVADA MECANICAMENTE, SEM FLUIDO ESTABILIZANTE, COM 40CM DE DIÂMETRO, CONCRETO LANÇADO POR CAMINHÃO BETONEIRA (EXCLUSIVE MOBILIZAÇÃO E DESMOBILIZAÇÃO). AF_01/2020 - ESTRUTURA METÁLICA | E45: M | F45: 304.5 | G45: 129.28 | H45: 9.81 | I45: 151.79 | J45: 161.6 | K45: 2987.15 | L45: 46220.06 | M45: 49207.2 | N45: =M45/$M$788 -> 0
A46: 3.2 | D46: Concreto Armado para Blocos | K46: =SUM(K47:K55) -> 60649.97 | L46: =SUM(L47:L55) -> 239565.44 | M46: =SUM(M47:M55) -> 300215.41 | N46: =M46/$M$788 -> 0.03
A47: 3.2.1 | B47: 96619 | C47: SINAPI | D47: LASTRO DE CONCRETO MAGRO, APLICADO EM BLOCOS DE COROAMENTO OU SAPATAS, ESPESSURA DE 5 CM. AF_01/2024 | E47: m² | F47: 114.82 | G47: 38.23 | H47: 15.85 | I47: 31.93 | J47: 47.78 | K47: 1819.9 | L47: 3666.19 | M47: 5486.09 | N47: =M47/$M$788 -> 0
A48: 3.2.2 | B48: 96534 | C48: SINAPI | D48: FABRICAÇÃO, MONTAGEM E DESMONTAGEM DE FÔRMA PARA BLOCO DE COROAMENTO, EM MADEIRA SERRADA, E=25 MM, 4 UTILIZAÇÕES. AF_01/2024 | E48: m² | F48: 665.38 | G48: 70.2 | H48: 46.09 | I48: 41.66 | J48: 87.75 | K48: 30667.36 | L48: 27719.73 | M48: 58387.09 | N48: =M48/$M$788 -> 0.01
A49: 3.2.3 | B49: 96544 | C49: SINAPI | D49: ARMAÇÃO DE BLOCO UTILIZANDO AÇO CA-50 DE 6,3 MM - MONTAGEM. AF_01/2024 | E49: KG | F49: 620.32 | G49: 17.23 | H49: 7.13 | I49: 14.4 | J49: 21.53 | K49: 4422.88 | L49: 8932.6 | M49: 13355.48 | N49: =M49/$M$788 -> 0
A50: 3.2.4 | B50: 96545 | C50: SINAPI | D50: ARMAÇÃO DE BLOCO UTILIZANDO AÇO CA-50 DE 8 MM - MONTAGEM. AF_01/2024 | E50: KG | F50: 1199.36 | G50: 15.48 | H50: 5.25 | I50: 14.1 | J50: 19.35 | K50: 6296.64 | L50: 16910.97 | M50: 23207.61 | N50: =M50/$M$788 -> 0
A51: 3.2.5 | B51: 96546 | C51: SINAPI | D51: ARMAÇÃO DE BLOCO UTILIZANDO AÇO CA-50 DE 10 MM - MONTAGEM. AF_01/2024 | E51: KG | F51: 1573.21 | G51: 13.51 | H51: 3.93 | I51: 12.95 | J51: 16.88 | K51: 6182.72 | L51: 20373.06 | M51: 26555.78 | N51: =M51/$M$788 -> 0
A52: 3.2.6 | B52: 104920 | C52: SINAPI | D52: ARMAÇÃO DE BLOCO, SAPATA ISOLADA, VIGA BALDRAME E SAPATA CORRIDA UTILIZANDO AÇO CA-50 DE 12,5 MM - MONTAGEM. AF_01/2024 | E52: KG | F52: 856.72 | G52: 10.38 | H52: 2.17 | I52: 10.8 | J52: 12.97 | K52: 1859.08 | L52: 9252.57 | M52: 11111.65 | N52: =M52/$M$788 -> 0
A53: 3.2.7 | B53: 104921 | C53: SINAPI | D53: ARMAÇÃO DE BLOCO, SAPATA ISOLADA, VIGA BALDRAME E SAPATA CORRIDA UTILIZANDO AÇO CA-50 DE 16 MM - MONTAGEM. AF_01/2024 | E53: KG | F53: 2429.52 | G53: 9.77 | H53: 1.62 | I53: 10.59 | J53: 12.21 | K53: 3935.82 | L53: 25728.61 | M53: 29664.43 | N53: =M53/$M$788 -> 0
A54: 3.2.8 | B54: 92915 | C54: SINAPI | D54: ARMAÇÃO DE ESTRUTURAS DIVERSAS DE CONCRETO ARMADO, EXCETO VIGAS, PILARES, LAJES E FUNDAÇÕES, UTILIZANDO AÇO CA-60 DE 5,0 MM - MONTAGEM. AF_06/2022 | E54: KG | F54: 473.92 | G54: 16.2 | H54: 6.99 | I54: 13.26 | J54: 20.25 | K54: 3312.7 | L54: 6284.18 | M54: 9596.88 | N54: =M54/$M$788 -> 0
A55: 3.2.9 | B55: 96557 | C55: SINAPI | D55: CONCRETAGEM DE BLOCO DE COROAMENTO OU VIGA BALDRAME, FCK 30 MPA, COM USO DE BOMBA - LANÇAMENTO, ADENSAMENTO E ACABAMENTO. AF_01/2024 | E55: m³ | F55: 121.22 | G55: 810.76 | H55: 17.76 | I55: 995.69 | J55: 1013.45 | K55: 2152.87 | L55: 120697.53 | M55: 122850.4 | N55: =M55/$M$788 -> 0.01
A56: 3.3 | D56: Concreto Armado para Fundações - Blocos - Muro | K56: =SUM(K57:K63) -> 14766.09 | L56: =SUM(L57:L63) -> 42799.97 | M56: =SUM(M57:M63) -> 57566.05 | N56: =M56/$M$788 -> 0.01
A57: 3.3.1 | B57: 96619 | C57: SINAPI | D57: LASTRO DE CONCRETO MAGRO, APLICADO EM BLOCOS DE COROAMENTO OU SAPATAS, ESPESSURA DE 5 CM. AF_01/2024 | E57: m² | F57: 26.81 | G57: 38.23 | H57: 15.85 | I57: 31.93 | J57: 47.78 | K57: 424.94 | L57: 856.04 | M57: 1280.98 | N57: =M57/$M$788 -> 0
A58: 3.3.2 | B58: 96534 | C58: SINAPI | D58: FABRICAÇÃO, MONTAGEM E DESMONTAGEM DE FÔRMA PARA BLOCO DE COROAMENTO, EM MADEIRA SERRADA, E=25 MM, 4 UTILIZAÇÕES. AF_01/2024 | E58: m² | F58: 135.48 | G58: 70.2 | H58: 46.09 | I58: 41.66 | J58: 87.75 | K58: 6244.27 | L58: 5644.1 | M58: 11888.37 | N58: =M58/$M$788 -> 0
A59: 3.3.3 | B59: 96544 | C59: SINAPI | D59: ARMAÇÃO DE BLOCO UTILIZANDO AÇO CA-50 DE 6,3 MM - MONTAGEM. AF_01/2024 | E59: KG | F59: 247.36 | G59: 17.23 | H59: 7.13 | I59: 14.4 | J59: 21.53 | K59: 1763.68 | L59: 3561.98 | M59: 5325.66 | N59: =M59/$M$788 -> 0
A60: 3.3.4 | B60: 96545 | C60: SINAPI | D60: ARMAÇÃO DE BLOCO UTILIZANDO AÇO CA-50 DE 8 MM - MONTAGEM. AF_01/2024 | E60: KG | F60: 4.38 | G60: 15.48 | H60: 5.25 | I60: 14.1 | J60: 19.35 | K60: 23 | L60: 61.76 | M60: 84.75 | N60: =M60/$M$788 -> 0
A61: 3.3.5 | B61: 96546 | C61: SINAPI | D61: ARMAÇÃO DE BLOCO UTILIZANDO AÇO CA-50 DE 10 MM - MONTAGEM. AF_01/2024 | E61: KG | F61: 312.26 | G61: 13.51 | H61: 3.93 | I61: 12.95 | J61: 16.88 | K61: 1227.18 | L61: 4043.76 | M61: 5270.94 | N61: =M61/$M$788 -> 0
A62: 3.3.6 | B62: 92915 | C62: SINAPI | D62: ARMAÇÃO DE ESTRUTURAS DIVERSAS DE CONCRETO ARMADO, EXCETO VIGAS, PILARES, LAJES E FUNDAÇÕES, UTILIZANDO AÇO CA-60 DE 5,0 MM - MONTAGEM. AF_06/2022 | E62: KG | F62: 677.03 | G62: 16.2 | H62: 6.99 | I62: 13.26 | J62: 20.25 | K62: 4732.44 | L62: 8977.41 | M62: 13709.85 | N62: =M62/$M$788 -> 0
A63: 3.3.7 | B63: 96557 | C63: SINAPI | D63: CONCRETAGEM DE BLOCO DE COROAMENTO OU VIGA BALDRAME, FCK 30 MPA, COM USO DE BOMBA - LANÇAMENTO, ADENSAMENTO E ACABAMENTO. AF_01/2024 | E63: m³ | F63: 19.74 | G63: 810.76 | H63: 17.76 | I63: 995.69 | J63: 1013.45 | K63: 350.58 | L63: 19654.92 | M63: 20005.5 | N63: =M63/$M$788 -> 0
A64: 3.4 | D64: Concreto Armado para Fundações - Blocos - Reservatório | K64: =SUM(K65:K69) -> 1527.07 | L64: =SUM(L65:L69) -> 5322.63 | M64: =SUM(M65:M69) -> 6849.7 | N64: =M64/$M$788 -> 0
A65: 3.4.1 | B65: 96619 | C65: SINAPI | D65: LASTRO DE CONCRETO MAGRO, APLICADO EM BLOCOS DE COROAMENTO OU SAPATAS, ESPESSURA DE 5 CM. AF_01/2024 | E65: m² | F65: 4.32 | G65: 38.23 | H65: 15.85 | I65: 31.93 | J65: 47.78 | K65: 68.47 | L65: 137.93 | M65: 206.4 | N65: =M65/$M$788 -> 0
A66: 3.4.2 | B66: 96534 | C66: SINAPI | D66: FABRICAÇÃO, MONTAGEM E DESMONTAGEM DE FÔRMA PARA BLOCO DE COROAMENTO, EM MADEIRA SERRADA, E=25 MM, 4 UTILIZAÇÕES. AF_01/2024 | E66: m² | F66: 17.28 | G66: 70.2 | H66: 46.09 | I66: 41.66 | J66: 87.75 | K66: 796.44 | L66: 719.88 | M66: 1516.32 | N66: =M66/$M$788 -> 0
A67: 3.4.3 | B67: 96545 | C67: SINAPI | D67: ARMAÇÃO DE BLOCO UTILIZANDO AÇO CA-50 DE 8 MM - MONTAGEM. AF_01/2024 | E67: KG | F67: 45.12 | G67: 15.48 | H67: 5.25 | I67: 14.1 | J67: 19.35 | K67: 236.88 | L67: 636.19 | M67: 873.07 | N67: =M67/$M$788 -> 0
A68: 3.4.4 | B68: 96546 | C68: SINAPI | D68: ARMAÇÃO DE BLOCO UTILIZANDO AÇO CA-50 DE 10 MM - MONTAGEM. AF_01/2024 | E68: KG | F68: 96.51 | G68: 13.51 | H68: 3.93 | I68: 12.95 | J68: 16.88 | K68: 379.28 | L68: 1249.8 | M68: 1629.08 | N68: =M68/$M$788 -> 0
A69: 3.4.5 | B69: 96557 | C69: SINAPI | D69: CONCRETAGEM DE BLOCO DE COROAMENTO OU VIGA BALDRAME, FCK 30 MPA, COM USO DE BOMBA - LANÇAMENTO, ADENSAMENTO E ACABAMENTO. AF_01/2024 | E69: m³ | F69: 2.59 | G69: 810.76 | H69: 17.76 | I69: 995.69 | J69: 1013.45 | K69: 46 | L69: 2578.83 | M69: 2624.83 | N69: =M69/$M$788 -> 0
A70: 3.5 | D70: Concreto Armado para Fundações - Blocos - Metálica | K70: =SUM(K71:K76) -> 17107.55 | L70: =SUM(L71:L76) -> 76985.1 | M70: =SUM(M71:M76) -> 94092.65 | N70: =M70/$M$788 -> 0.01
A71: 3.5.1 | B71: 96619 | C71: SINAPI | D71: LASTRO DE CONCRETO MAGRO, APLICADO EM BLOCOS DE COROAMENTO OU SAPATAS, ESPESSURA DE 5 CM. AF_01/2024 | E71: m² | F71: 60.89 | G71: 38.23 | H71: 15.85 | I71: 31.93 | J71: 47.78 | K71: 965.11 | L71: 1944.21 | M71: 2909.32 | N71: =M71/$M$788 -> 0
A72: 3.5.2 | B72: 96534 | C72: SINAPI | D72: FABRICAÇÃO, MONTAGEM E DESMONTAGEM DE FÔRMA PARA BLOCO DE COROAMENTO, EM MADEIRA SERRADA, E=25 MM, 4 UTILIZAÇÕES. AF_01/2024 | E72: m² | F72: 147.12 | G72: 70.2 | H72: 46.09 | I72: 41.66 | J72: 87.75 | K72: 6780.76 | L72: 6129.02 | M72: 12909.78 | N72: =M72/$M$788 -> 0
A73: 3.5.3 | B73: 96544 | C73: SINAPI | D73: ARMAÇÃO DE BLOCO UTILIZANDO AÇO CA-50 DE 6,3 MM - MONTAGEM. AF_01/2024 | E73: KG | F73: 434.09 | G73: 17.23 | H73: 7.13 | I73: 14.4 | J73: 21.53 | K73: 3095.06 | L73: 6250.89 | M73: 9345.95 | N73: =M73/$M$788 -> 0
A74: 3.5.4 | B74: 96545 | C74: SINAPI | D74: ARMAÇÃO DE BLOCO UTILIZANDO AÇO CA-50 DE 8 MM - MONTAGEM. AF_01/2024 | E74: KG | F74: 226.09 | G74: 15.48 | H74: 5.25 | I74: 14.1 | J74: 19.35 | K74: 1186.97 | L74: 3187.87 | M74: 4374.84 | N74: =M74/$M$788 -> 0
A75: 3.5.5 | B75: 96546 | C75: SINAPI | D75: ARMAÇÃO DE BLOCO UTILIZANDO AÇO CA-50 DE 10 MM - MONTAGEM. AF_01/2024 | E75: KG | F75: 1086.46 | G75: 13.51 | H75: 3.93 | I75: 12.95 | J75: 16.88 | K75: 4269.79 | L75: 14069.65 | M75: 18339.44 | N75: =M75/$M$788 -> 0
A76: 3.5.6 | B76: 96557 | C76: SINAPI | D76: CONCRETAGEM DE BLOCO DE COROAMENTO OU VIGA BALDRAME, FCK 30 MPA, COM USO DE BOMBA - LANÇAMENTO, ADENSAMENTO E ACABAMENTO. AF_01/2024 | E76: m³ | F76: 45.6 | G76: 810.76 | H76: 17.76 | I76: 995.69 | J76: 1013.45 | K76: 809.86 | L76: 45403.46 | M76: 46213.32 | N76: =M76/$M$788 -> 0
A77: 3.6 | D77: Concreto Armado para Fundações - Vigas Baldrames | K77: =SUM(K78:K87) -> 74740.55 | L77: =SUM(L78:L87) -> 249671.98 | M77: =SUM(M78:M87) -> 324412.52 | N77: =M77/$M$788 -> 0.03
A78: 3.6.1 | B78: 96619 | C78: SINAPI | D78: LASTRO DE CONCRETO MAGRO, APLICADO EM BLOCOS DE COROAMENTO OU SAPATAS, ESPESSURA DE 5 CM. AF_01/2024 | E78: m² | F78: 201.7 | G78: 38.23 | H78: 15.85 | I78: 31.93 | J78: 47.78 | K78: 3196.95 | L78: 6440.28 | M78: 9637.22 | N78: =M78/$M$788 -> 0
A79: 3.6.2 | B79: 94968 | C79: SINAPI | D79: CONCRETO MAGRO PARA LASTRO, TRAÇO 1:4,5:4,5 (EM MASSA SECA DE CIMENTO/ AREIA MÉDIA/ BRITA 1) - PREPARO MECÂNICO COM BETONEIRA 600 L. AF_05/2021 | E79: m³ | F79: 105.25 | G79: 383.86 | H79: 73.56 | I79: 406.26 | J79: 479.82 | K79: 7742.19 | L79: 42758.86 | M79: 50501.05 | N79: =M79/$M$788 -> 0
A80: 3.6.3 | B80: 96536 | C80: SINAPI | D80: FABRICAÇÃO, MONTAGEM E DESMONTAGEM DE FÔRMA PARA VIGA BALDRAME, EM MADEIRA SERRADA, E=25 MM, 4 UTILIZAÇÕES. AF_01/2024 | E80: m² | F80: 1138.59 | G80: 60.95 | H80: 38.17 | I80: 38.01 | J80: 76.18 | K80: 43459.98 | L80: 43277.8 | M80: 86737.78 | N80: =M80/$M$788 -> 0.01
A81: 3.6.4 | B81: 104917 | C81: SINAPI | D81: ARMAÇÃO DE SAPATA ISOLADA, VIGA BALDRAME E SAPATA CORRIDA UTILIZANDO AÇO CA-50 DE 6,3 MM - MONTAGEM. AF_01/2024 | E81: KG | F81: 105.91 | G81: 14.91 | H81: 5.04 | I81: 13.59 | J81: 18.63 | K81: 533.79 | L81: 1439.31 | M81: 1973.1 | N81: =M81/$M$788 -> 0
A82: 3.6.5 | B82: 104918 | C82: SINAPI | D82: ARMAÇÃO DE SAPATA ISOLADA, VIGA BALDRAME E SAPATA CORRIDA UTILIZANDO AÇO CA-50 DE 8 MM - MONTAGEM. AF_01/2024 | E82: KG | F82: 1513.38 | G82: 13.78 | H82: 3.72 | I82: 13.5 | J82: 17.22 | K82: 5629.77 | L82: 20430.63 | M82: 26060.4 | N82: =M82/$M$788 -> 0
A83: 3.6.6 | B83: 104919 | C83: SINAPI | D83: ARMAÇÃO DE SAPATA ISOLADA, VIGA BALDRAME E SAPATA CORRIDA UTILIZANDO AÇO CA-50 DE 10 MM - MONTAGEM. AF_01/2024 | E83: KG | F83: 1329.22 | G83: 12.27 | H83: 2.82 | I83: 12.51 | J83: 15.33 | K83: 3748.4 | L83: 16628.54 | M83: 20376.94 | N83: =M83/$M$788 -> 0
A84: 3.6.7 | B84: 104920 | C84: SINAPI | D84: ARMAÇÃO DE BLOCO, SAPATA ISOLADA, VIGA BALDRAME E SAPATA CORRIDA UTILIZANDO AÇO CA-50 DE 12,5 MM - MONTAGEM. AF_01/2024 | E84: KG | F84: 370.29 | G84: 10.38 | H84: 2.17 | I84: 10.8 | J84: 12.97 | K84: 803.53 | L84: 3999.13 | M84: 4802.66 | N84: =M84/$M$788 -> 0
A85: 3.6.8 | B85: 104921 | C85: SINAPI | D85: ARMAÇÃO DE BLOCO, SAPATA ISOLADA, VIGA BALDRAME E SAPATA CORRIDA UTILIZANDO AÇO CA-50 DE 16 MM - MONTAGEM. AF_01/2024 | E85: KG | F85: 622.81 | G85: 9.77 | H85: 1.62 | I85: 10.59 | J85: 12.21 | K85: 1008.95 | L85: 6595.56 | M85: 7604.51 | N85: =M85/$M$788 -> 0
A86: 3.6.9 | B86: 92915 | C86: SINAPI | D86: ARMAÇÃO DE ESTRUTURAS DIVERSAS DE CONCRETO ARMADO, EXCETO VIGAS, PILARES, LAJES E FUNDAÇÕES, UTILIZANDO AÇO CA-60 DE 5,0 MM - MONTAGEM. AF_06/2022 | E86: KG | F86: 990.42 | G86: 16.2 | H86: 6.99 | I86: 13.26 | J86: 20.25 | K86: 6923.04 | L86: 13132.96 | M86: 20056 | N86: =M86/$M$788 -> 0
A87: 3.6.10 | B87: 96557 | C87: SINAPI | D87: CONCRETAGEM DE BLOCO DE COROAMENTO OU VIGA BALDRAME, FCK 30 MPA, COM USO DE BOMBA - LANÇAMENTO, ADENSAMENTO E ACABAMENTO. AF_01/2024 | E87: m³ | F87: 95.38 | G87: 810.76 | H87: 17.76 | I87: 995.69 | J87: 1013.45 | K87: 1693.95 | L87: 94968.91 | M87: 96662.86 | N87: =M87/$M$788 -> 0.01
A88: 3.7 | D88: Concreto Armado para Fundações - Vigas Baldrames - Muro | K88: =SUM(K89:K94) -> 9362.11 | L88: =SUM(L89:L94) -> 24721.56 | M88: =SUM(M89:M94) -> 34083.67 | N88: =M88/$M$788 -> 0
A89: 3.7.1 | B89: 96619 | C89: SINAPI | D89: LASTRO DE CONCRETO MAGRO, APLICADO EM BLOCOS DE COROAMENTO OU SAPATAS, ESPESSURA DE 5 CM. AF_01/2024 | E89: m² | F89: 44.46 | G89: 38.23 | H89: 15.85 | I89: 31.93 | J89: 47.78 | K89: 704.69 | L89: 1419.6 | M89: 2124.29 | N89: =M89/$M$788 -> 0
A90: 3.7.2 | B90: 94968 | C90: SINAPI | D90: CONCRETO MAGRO PARA LASTRO, TRAÇO 1:4,5:4,5 (EM MASSA SECA DE CIMENTO/ AREIA MÉDIA/ BRITA 1) - PREPARO MECÂNICO COM BETONEIRA 600 L. AF_05/2021 | E90: m³ | F90: 0.57 | G90: 383.86 | H90: 73.56 | I90: 406.26 | J90: 479.82 | K90: 41.93 | L90: 231.56 | M90: 273.49 | N90: =M90/$M$788 -> 0
A91: 3.7.3 | B91: 96536 | C91: SINAPI | D91: FABRICAÇÃO, MONTAGEM E DESMONTAGEM DE FÔRMA PARA VIGA BALDRAME, EM MADEIRA SERRADA, E=25 MM, 4 UTILIZAÇÕES. AF_01/2024 | E91: m² | F91: 177.82 | G91: 60.95 | H91: 38.17 | I91: 38.01 | J91: 76.18 | K91: 6787.39 | L91: 6758.93 | M91: 13546.32 | N91: =M91/$M$788 -> 0
A92: 3.7.4 | B92: 104918 | C92: SINAPI | D92: ARMAÇÃO DE SAPATA ISOLADA, VIGA BALDRAME E SAPATA CORRIDA UTILIZANDO AÇO CA-50 DE 8 MM - MONTAGEM. AF_01/2024 | E92: KG | F92: 1.63 | G92: 13.78 | H92: 3.72 | I92: 13.5 | J92: 17.22 | K92: 6.06 | L92: 22 | M92: 28.06 | N92: =M92/$M$788 -> 0
A93: 3.7.5 | B93: 92915 | C93: SINAPI | D93: ARMAÇÃO DE ESTRUTURAS DIVERSAS DE CONCRETO ARMADO, EXCETO VIGAS, PILARES, LAJES E FUNDAÇÕES, UTILIZANDO AÇO CA-60 DE 5,0 MM - MONTAGEM. AF_06/2022 | E93: KG | F93: 226.77 | G93: 16.2 | H93: 6.99 | I93: 13.26 | J93: 20.25 | K93: 1585.12 | L93: 3006.97 | M93: 4592.09 | N93: =M93/$M$788 -> 0
A94: 3.7.6 | B94: 96557 | C94: SINAPI | D94: CONCRETAGEM DE BLOCO DE COROAMENTO OU VIGA BALDRAME, FCK 30 MPA, COM USO DE BOMBA - LANÇAMENTO, ADENSAMENTO E ACABAMENTO. AF_01/2024 | E94: m³ | F94: 13.34 | G94: 810.76 | H94: 17.76 | I94: 995.69 | J94: 1013.45 | K94: 236.92 | L94: 13282.5 | M94: 13519.42 | N94: =M94/$M$788 -> 0
A95: 3.8 | D95: Concreto Armado para Fundações - Vigas Baldrames - Reservatório | K95: =SUM(K96:K103) -> 2571.51 | L95: =SUM(L96:L103) -> 8692.78 | M95: =SUM(M96:M103) -> 11264.29 | N95: =M95/$M$788 -> 0
A96: 3.8.1 | B96: 96619 | C96: SINAPI | D96: LASTRO DE CONCRETO MAGRO, APLICADO EM BLOCOS DE COROAMENTO OU SAPATAS, ESPESSURA DE 5 CM. AF_01/2024 | E96: m² | F96: 7.17 | G96: 38.23 | H96: 15.85 | I96: 31.93 | J96: 47.78 | K96: 113.64 | L96: 228.94 | M96: 342.58 | N96: =M96/$M$788 -> 0
A97: 3.8.2 | B97: 96536 | C97: SINAPI | D97: FABRICAÇÃO, MONTAGEM E DESMONTAGEM DE FÔRMA PARA VIGA BALDRAME, EM MADEIRA SERRADA, E=25 MM, 4 UTILIZAÇÕES. AF_01/2024 | E97: m² | F97: 43.03 | G97: 60.95 | H97: 38.17 | I97: 38.01 | J97: 76.18 | K97: 1642.46 | L97: 1635.56 | M97: 3278.02 | N97: =M97/$M$788 -> 0
A98: 3.8.3 | B98: 104917 | C98: SINAPI | D98: ARMAÇÃO DE SAPATA ISOLADA, VIGA BALDRAME E SAPATA CORRIDA UTILIZANDO AÇO CA-50 DE 6,3 MM - MONTAGEM. AF_01/2024 | E98: KG | F98: 2.92 | G98: 14.91 | H98: 5.04 | I98: 13.59 | J98: 18.63 | K98: 14.72 | L98: 39.67 | M98: 54.39 | N98: =M98/$M$788 -> 0
A99: 3.8.4 | B99: 104918 | C99: SINAPI | D99: ARMAÇÃO DE SAPATA ISOLADA, VIGA BALDRAME E SAPATA CORRIDA UTILIZANDO AÇO CA-50 DE 8 MM - MONTAGEM. AF_01/2024 | E99: KG | F99: 5.49 | G99: 13.78 | H99: 3.72 | I99: 13.5 | J99: 17.22 | K99: 20.42 | L99: 74.11 | M99: 94.53 | N99: =M99/$M$788 -> 0
A100: 3.8.5 | B100: 104919 | C100: SINAPI | D100: ARMAÇÃO DE SAPATA ISOLADA, VIGA BALDRAME E SAPATA CORRIDA UTILIZANDO AÇO CA-50 DE 10 MM - MONTAGEM. AF_01/2024 | E100: KG | F100: 132.28 | G100: 12.27 | H100: 2.82 | I100: 12.51 | J100: 15.33 | K100: 373.03 | L100: 1654.82 | M100: 2027.85 | N100: =M100/$M$788 -> 0
...

Sheet Cronograma
E1: MUNICÍPIO DE INOCÊNCIA/MS Rua João Batista Parreira, 522, Centro – CEP 79580-000 CNPJ: 03.342.938/0001-88 | P1: OBJETO: Construção de Escola padrão FNDE 09 salas de dois pavimentos
A6: =Orçamento!A2 -> ÁREA: 1.710,59 m² | J6: B.D.I. | K6: Data de Referência | P6: Referência
A7: =Orçamento!A3 -> LOCAL: Quadra 20 - Bairro Jardim Pantanal - Loteamento Santa Maria | J7: =Orçamento!E3 -> 0.25 | K7: =Orçamento!F3 -> 46153 | P7: =Orçamento!I3 -> SINAPI (03/2026) | SBC (04/2026) | AGESUL (01/2026) | CPOS/CDHU (04/2026) | FDE (01/2026)
A8: Cronograma Físico Financeiro
A9: Item | B9: Descrição | C9: Total | D9: 30 Dias | E9: % | F9: 60 Dias | G9: % | H9: 90 Dias | I9: % | J9: 120 Dias | K9: % | L9: 150 | M9: % | N9: 180 | O9: % | P9: 210 | Q9: % | R9: 240 | S9: % | T9: 270 | U9: % | V9: 300 | W9: % | X9: 330 | Y9: % | Z9: 360 | AA9: % | AB9: 390 | AC9: % | AD9: 420 | AE9: %
A10: 1 | B10: =Orçamento!D7 -> SERVIÇOS PRELIMINARES | C10: =Orçamento!M7 -> 192430.76 | D10: =$C10*E10 -> 192430.76 | E10: 1 | F10: =$C10*G10 -> 0 | G10: 0 | H10: =$C10*I10 -> 0 | I10: 0 | J10: =$C10*K10 -> 0 | K10: 0 | L10: =$C10*M10 -> 0 | M10: 0 | N10: =$C10*O10 -> 0 | O10: 0 | P10: =$C10*Q10 -> 0 | Q10: 0 | R10: =$C10*S10 -> 0 | S10: 0 | T10: =$C10*U10 -> 0 | U10: 0 | V10: =$C10*W10 -> 0 | W10: 0 | X10: =$C10*Y10 -> 0 | Y10: 0 | Z10: =$C10*AA10 -> 0 | AA10: 0 | AB10: =$C10*AC10 -> 0 | AC10: 0 | AD10: =$C10*AE10 -> 0 | AE10: 0 | AG10: =C10-D10-F10-H10-J10-L10-N10-P10-R10-T10-V10-X10-Z10-AB10-AD10 -> 0 | AH10: =E10+G10+I10+K10+M10+O10+Q10+S10+U10+W10+Y10+AA10+AC10+AE10 -> 1
A11: 2 | B11: =Orçamento!D18 -> MOVIMENTO DE TERRA PARA FUNDAÇÕES | C11: =Orçamento!M18 -> 89382.69 | D11: =$C11*E11 -> 62567.88 | E11: 0.7 | F11: =$C11*G11 -> 26814.81 | G11: 0.3 | H11: =$C11*I11 -> 0 | I11: 0 | J11: =$C11*K11 -> 0 | K11: 0 | L11: =$C11*M11 -> 0 | M11: 0 | N11: =$C11*O11 -> 0 | O11: 0 | P11: =$C11*Q11 -> 0 | Q11: 0 | R11: =$C11*S11 -> 0 | S11: 0 | T11: =$C11*U11 -> 0 | U11: 0 | V11: =$C11*W11 -> 0 | W11: 0 | X11: =$C11*Y11 -> 0 | Y11: 0 | Z11: =$C11*AA11 -> 0 | AA11: 0 | AB11: =$C11*AC11 -> 0 | AC11: 0 | AD11: =$C11*AE11 -> 0 | AE11: 0 | AG11: =C11-D11-F11-H11-J11-L11-N11-P11-R11-T11-V11-X11-Z11-AB11-AD11 -> 0 | AH11: =E11+G11+I11+K11+M11+O11+Q11+S11+U11+W11+Y11+AA11+AC11+AE11 -> 1
A12: 3 | B12: =Orçamento!D40 -> FUNDAÇÕES | C12: =Orçamento!M40 -> 1065202.9 | D12: =$C12*E12 -> 213040.58 | E12: 0.2 | F12: =$C12*G12 -> 319560.86 | G12: 0.3 | H12: =$C12*I12 -> 532601.44 | I12: 0.5 | J12: =$C12*K12 -> 0 | K12: 0 | L12: =$C12*M12 -> 0 | M12: 0 | N12: =$C12*O12 -> 0 | O12: 0 | P12: =$C12*Q12 -> 0 | Q12: 0 | R12: =$C12*S12 -> 0 | S12: 0 | T12: =$C12*U12 -> 0 | U12: 0 | V12: =$C12*W12 -> 0 | W12: 0 | X12: =$C12*Y12 -> 0 | Y12: 0 | Z12: =$C12*AA12 -> 0 | AA12: 0 | AB12: =$C12*AC12 -> 0 | AC12: 0 | AD12: =$C12*AE12 -> 0 | AE12: 0 | AG12: =C12-D12-F12-H12-J12-L12-N12-P12-R12-T12-V12-X12-Z12-AB12-AD12 -> 0 | AH12: =E12+G12+I12+K12+M12+O12+Q12+S12+U12+W12+Y12+AA12+AC12+AE12 -> 1
A13: 4 | B13: =Orçamento!D114 -> SUPERESTRUTURA | C13: =Orçamento!M114 -> 2410261 | D13: =$C13*E13 -> 0 | E13: 0 | F13: =$C13*G13 -> 241026.1 | G13: 0.1 | H13: =$C13*I13 -> 964104.4 | I13: 0.4 | J13: =$C13*K13 -> 723078.3 | K13: 0.3 | L13: =$C13*M13 -> 482052.2 | M13: 0.2 | N13: =$C13*O13 -> 0 | O13: 0 | P13: =$C13*Q13 -> 0 | Q13: 0 | R13: =$C13*S13 -> 0 | S13: 0 | T13: =$C13*U13 -> 0 | U13: 0 | V13: =$C13*W13 -> 0 | W13: 0 | X13: =$C13*Y13 -> 0 | Y13: 0 | Z13: =$C13*AA13 -> 0 | AA13: 0 | AB13: =$C13*AC13 -> 0 | AC13: 0 | AD13: =$C13*AE13 -> 0 | AE13: 0 | AG13: =C13-D13-F13-H13-J13-L13-N13-P13-R13-T13-V13-X13-Z13-AB13-AD13 -> 0 | AH13: =E13+G13+I13+K13+M13+O13+Q13+S13+U13+W13+Y13+AA13+AC13+AE13 -> 1
A14: 5 | B14: =Orçamento!D196 -> SISTEMA DE VEDAÇÃO VERTICAL | C14: =Orçamento!M196 -> 425785.68 | D14: =$C14*E14 -> 0 | E14: 0 | F14: =$C14*G14 -> 0 | G14: 0 | H14: =$C14*I14 -> 0 | I14: 0 | J14: =$C14*K14 -> 42578.57 | K14: 0.1 | L14: =$C14*M14 -> 63867.85 | M14: 0.15 | N14: =$C14*O14 -> 127735.7 | O14: 0.3 | P14: =$C14*Q14 -> 106446.42 | Q14: 0.25 | R14: =$C14*S14 -> 85157.14 | S14: 0.2 | T14: =$C14*U14 -> 0 | U14: 0 | V14: =$C14*W14 -> 0 | W14: 0 | X14: =$C14*Y14 -> 0 | Y14: 0 | Z14: =$C14*AA14 -> 0 | AA14: 0 | AB14: =$C14*AC14 -> 0 | AC14: 0 | AD14: =$C14*AE14 -> 0 | AE14: 0 | AG14: =C14-D14-F14-H14-J14-L14-N14-P14-R14-T14-V14-X14-Z14-AB14-AD14 -> 0 | AH14: =E14+G14+I14+K14+M14+O14+Q14+S14+U14+W14+Y14+AA14+AC14+AE14 -> 1
A15: 6 | B15: =Orçamento!D216 -> ESQUADRIAS | C15: =Orçamento!M216 -> 1142793.2 | D15: =$C15*E15 -> 0 | E15: 0 | F15: =$C15*G15 -> 0 | G15: 0 | H15: =$C15*I15 -> 0 | I15: 0 | J15: =$C15*K15 -> 0 | K15: 0 | L15: =$C15*M15 -> 0 | M15: 0 | N15: =$C15*O15 -> 0 | O15: 0 | P15: =$C15*Q15 -> 0 | Q15: 0 | R15: =$C15*S15 -> 0 | S15: 0 | T15: =$C15*U15 -> 342837.95 | U15: 0.3 | V15: =$C15*W15 -> 285698.29 | W15: 0.25 | X15: =$C15*Y15 -> 228558.63 | Y15: 0.2 | Z15: =$C15*AA15 -> 171418.98 | AA15: 0.15 | AB15: =$C15*AC15 -> 114279.32 | AC15: 0.1 | AD15: =$C15*AE15 -> 0 | AE15: 0 | AG15: =C15-D15-F15-H15-J15-L15-N15-P15-R15-T15-V15-X15-Z15-AB15-AD15 -> 0 | AH15: =E15+G15+I15+K15+M15+O15+Q15+S15+U15+W15+Y15+AA15+AC15+AE15 -> 1
A16: 7 | B16: =Orçamento!D266 -> SISTEMAS DE COBERTURA | C16: =Orçamento!M266 -> 747573.89 | D16: =$C16*E16 -> 0 | E16: 0 | F16: =$C16*G16 -> 0 | G16: 0 | H16: =$C16*I16 -> 0 | I16: 0 | J16: =$C16*K16 -> 0 | K16: 0 | L16: =$C16*M16 -> 149514.78 | M16: 0.2 | N16: =$C16*O16 -> 261650.86 | O16: 0.35 | P16: =$C16*Q16 -> 224272.17 | Q16: 0.3 | R16: =$C16*S16 -> 112136.08 | S16: 0.15 | T16: =$C16*U16 -> 0 | U16: 0 | V16: =$C16*W16 -> 0 | W16: 0 | X16: =$C16*Y16 -> 0 | Y16: 0 | Z16: =$C16*AA16 -> 0 | AA16: 0 | AB16: =$C16*AC16 -> 0 | AC16: 0 | AD16: =$C16*AE16 -> 0 | AE16: 0 | AG16: =C16-D16-F16-H16-J16-L16-N16-P16-R16-T16-V16-X16-Z16-AB16-AD16 -> 0 | AH16: =E16+G16+I16+K16+M16+O16+Q16+S16+U16+W16+Y16+AA16+AC16+AE16 -> 1
A17: 8 | B17: =Orçamento!D285 -> IMPERMEABILIZAÇÃO | C17: =Orçamento!M285 -> 95233.73 | D17: =$C17*E17 -> 0 | E17: 0 | F17: =$C17*G17 -> 0 | G17: 0 | H17: =$C17*I17 -> 0 | I17: 0 | J17: =$C17*K17 -> 38093.49 | K17: 0.4 | L17: =$C17*M17 -> 38093.49 | M17: 0.4 | N17: =$C17*O17 -> 19046.75 | O17: 0.2 | P17: =$C17*Q17 -> 0 | Q17: 0 | R17: =$C17*S17 -> 0 | S17: 0 | T17: =$C17*U17 -> 0 | U17: 0 | V17: =$C17*W17 -> 0 | W17: 0 | X17: =$C17*Y17 -> 0 | Y17: 0 | Z17: =$C17*AA17 -> 0 | AA17: 0 | AB17: =$C17*AC17 -> 0 | AC17: 0 | AD17: =$C17*AE17 -> 0 | AE17: 0 | AG17: =C17-D17-F17-H17-J17-L17-N17-P17-R17-T17-V17-X17-Z17-AB17-AD17 -> 0 | AH17: =E17+G17+I17+K17+M17+O17+Q17+S17+U17+W17+Y17+AA17+AC17+AE17 -> 1
A18: 9 | B18: =Orçamento!D292 -> REVESTIMENTO INTERNO E EXTERNO | C18: =Orçamento!M292 -> 561851.22 | D18: =$C18*E18 -> 0 | E18: 0 | F18: =$C18*G18 -> 0 | G18: 0 | H18: =$C18*I18 -> 0 | I18: 0 | J18: =$C18*K18 -> 0 | K18: 0 | L18: =$C18*M18 -> 0 | M18: 0 | N18: =$C18*O18 -> 56185.12 | O18: 0.1 | P18: =$C18*Q18 -> 112370.24 | Q18: 0.2 | R18: =$C18*S18 -> 168555.37 | S18: 0.3 | T18: =$C18*U18 -> 140462.81 | U18: 0.25 | V18: =$C18*W18 -> 84277.68 | W18: 0.15 | X18: =$C18*Y18 -> 0 | Y18: 0 | Z18: =$C18*AA18 -> 0 | AA18: 0 | AB18: =$C18*AC18 -> 0 | AC18: 0 | AD18: =$C18*AE18 -> 0 | AE18: 0 | AG18: =C18-D18-F18-H18-J18-L18-N18-P18-R18-T18-V18-X18-Z18-AB18-AD18 -> 0 | AH18: =E18+G18+I18+K18+M18+O18+Q18+S18+U18+W18+Y18+AA18+AC18+AE18 -> 1
A19: 10 | B19: =Orçamento!D308 -> SISTEMA DE PISOS | C19: =Orçamento!M308 -> 687085.14 | D19: =$C19*E19 -> 0 | E19: 0 | F19: =$C19*G19 -> 0 | G19: 0 | H19: =$C19*I19 -> 0 | I19: 0 | J19: =$C19*K19 -> 0 | K19: 0 | L19: =$C19*M19 -> 0 | M19: 0 | N19: =$C19*O19 -> 0 | O19: 0 | P19: =$C19*Q19 -> 68708.51 | Q19: 0.1 | R19: =$C19*S19 -> 137417.03 | S19: 0.2 | T19: =$C19*U19 -> 206125.54 | U19: 0.3 | V19: =$C19*W19 -> 171771.29 | W19: 0.25 | X19: =$C19*Y19 -> 103062.77 | Y19: 0.15 | Z19: =$C19*AA19 -> 0 | AA19: 0 | AB19: =$C19*AC19 -> 0 | AC19: 0 | AD19: =$C19*AE19 -> 0 | AE19: 0 | AG19: =C19-D19-F19-H19-J19-L19-N19-P19-R19-T19-V19-X19-Z19-AB19-AD19 -> 0 | AH19: =E19+G19+I19+K19+M19+O19+Q19+S19+U19+W19+Y19+AA19+AC19+AE19 -> 1
A20: 11 | B20: =Orçamento!D337 -> PINTURAS E ACABAMENTOS | C20: =Orçamento!M337 -> 306921.11 | D20: =$C20*E20 -> 0 | E20: 0 | F20: =$C20*G20 -> 0 | G20: 0 | H20: =$C20*I20 -> 0 | I20: 0 | J20: =$C20*K20 -> 0 | K20: 0 | L20: =$C20*M20 -> 0 | M20: 0 | N20: =$C20*O20 -> 0 | O20: 0 | P20: =$C20*Q20 -> 0 | Q20: 0 | R20: =$C20*S20 -> 30692.11 | S20: 0.1 | T20: =$C20*U20 -> 61384.22 | U20: 0.2 | V20: =$C20*W20 -> 92076.33 | W20: 0.3 | X20: =$C20*Y20 -> 61384.22 | Y20: 0.2 | Z20: =$C20*AA20 -> 46038.17 | AA20: 0.15 | AB20: =$C20*AC20 -> 0 | AC20: 0 | AD20: =$C20*AE20 -> 15346.06 | AE20: 0.05 | AG20: =C20-D20-F20-H20-J20-L20-N20-P20-R20-T20-V20-X20-Z20-AB20-AD20 -> 0 | AH20: =E20+G20+I20+K20+M20+O20+Q20+S20+U20+W20+Y20+AA20+AC20+AE20 -> 1
A21: 12 | B21: =Orçamento!D361 -> INSTALAÇÃO HIDRÁULICA | C21: =Orçamento!M361 -> 108832.57 | D21: =$C21*E21 -> 0 | E21: 0 | F21: =$C21*G21 -> 0 | G21: 0 | H21: =$C21*I21 -> 10883.26 | I21: 0.1 | J21: =$C21*K21 -> 21766.51 | K21: 0.2 | L21: =$C21*M21 -> 27208.14 | M21: 0.25 | N21: =$C21*O21 -> 32649.77 | O21: 0.3 | P21: =$C21*Q21 -> 16324.89 | Q21: 0.15 | R21: =$C21*S21 -> 0 | S21: 0 | T21: =$C21*U21 -> 0 | U21: 0 | V21: =$C21*W21 -> 0 | W21: 0 | X21: =$C21*Y21 -> 0 | Y21: 0 | Z21: =$C21*AA21 -> 0 | AA21: 0 | AB21: =$C21*AC21 -> 0 | AC21: 0 | AD21: =$C21*AE21 -> 0 | AE21: 0 | AG21: =C21-D21-F21-H21-J21-L21-N21-P21-R21-T21-V21-X21-Z21-AB21-AD21 -> 0 | AH21: =E21+G21+I21+K21+M21+O21+Q21+S21+U21+W21+Y21+AA21+AC21+AE21 -> 1
A22: 13 | B22: =Orçamento!D430 -> DRENAGEM DE ÁGUAS PLUVIAIS | C22: =Orçamento!M430 -> 150826.98 | D22: =$C22*E22 -> 0 | E22: 0 | F22: =$C22*G22 -> 0 | G22: 0 | H22: =$C22*I22 -> 0 | I22: 0 | J22: =$C22*K22 -> 0 | K22: 0 | L22: =$C22*M22 -> 0 | M22: 0 | N22: =$C22*O22 -> 30165.4 | O22: 0.2 | P22: =$C22*Q22 -> 45248.09 | Q22: 0.3 | R22: =$C22*S22 -> 45248.09 | S22: 0.3 | T22: =$C22*U22 -> 30165.4 | U22: 0.2 | V22: =$C22*W22 -> 0 | W22: 0 | X22: =$C22*Y22 -> 0 | Y22: 0 | Z22: =$C22*AA22 -> 0 | AA22: 0 | AB22: =$C22*AC22 -> 0 | AC22: 0 | AD22: =$C22*AE22 -> 0 | AE22: 0 | AG22: =C22-D22-F22-H22-J22-L22-N22-P22-R22-T22-V22-X22-Z22-AB22-AD22 -> 0 | AH22: =E22+G22+I22+K22+M22+O22+Q22+S22+U22+W22+Y22+AA22+AC22+AE22 -> 1
A23: 14 | B23: =Orçamento!D451 -> INSTALAÇÃO SANITÁRIA | C23: =Orçamento!M451 -> 115096.33 | D23: =$C23*E23 -> 0 | E23: 0 | F23: =$C23*G23 -> 0 | G23: 0 | H23: =$C23*I23 -> 11509.63 | I23: 0.1 | J23: =$C23*K23 -> 23019.27 | K23: 0.2 | L23: =$C23*M23 -> 28774.08 | M23: 0.25 | N23: =$C23*O23 -> 28774.08 | O23: 0.25 | P23: =$C23*Q23 -> 23019.27 | Q23: 0.2 | R23: =$C23*S23 -> 0 | S23: 0 | T23: =$C23*U23 -> 0 | U23: 0 | V23: =$C23*W23 -> 0 | W23: 0 | X23: =$C23*Y23 -> 0 | Y23: 0 | Z23: =$C23*AA23 -> 0 | AA23: 0 | AB23: =$C23*AC23 -> 0 | AC23: 0 | AD23: =$C23*AE23 -> 0 | AE23: 0 | AG23: =C23-D23-F23-H23-J23-L23-N23-P23-R23-T23-V23-X23-Z23-AB23-AD23 -> 0 | AH23: =E23+G23+I23+K23+M23+O23+Q23+S23+U23+W23+Y23+AA23+AC23+AE23 -> 1
A24: 15 | B24: =Orçamento!D510 -> LOUÇAS, ACESSÓRIOS E METAIS | C24: =Orçamento!M510 -> 114664.58 | D24: =$C24*E24 -> 0 | E24: 0 | F24: =$C24*G24 -> 0 | G24: 0 | H24: =$C24*I24 -> 0 | I24: 0 | J24: =$C24*K24 -> 0 | K24: 0 | L24: =$C24*M24 -> 0 | M24: 0 | N24: =$C24*O24 -> 0 | O24: 0 | P24: =$C24*Q24 -> 0 | Q24: 0 | R24: =$C24*S24 -> 0 | S24: 0 | T24: =$C24*U24 -> 22932.92 | U24: 0.2 | V24: =$C24*W24 -> 45865.83 | W24: 0.4 | X24: =$C24*Y24 -> 34399.37 | Y24: 0.3 | Z24: =$C24*AA24 -> 0 | AA24: 0 | AB24: =$C24*AC24 -> 11466.46 | AC24: 0.1 | AD24: =$C24*AE24 -> 0 | AE24: 0 | AG24: =C24-D24-F24-H24-J24-L24-N24-P24-R24-T24-V24-X24-Z24-AB24-AD24 -> 0 | AH24: =E24+G24+I24+K24+M24+O24+Q24+S24+U24+W24+Y24+AA24+AC24+AE24 -> 1
A25: 16 | B25: =Orçamento!D544 -> INSTALAÇÃO DE GÁS COMBUSTÍVEL | C25: =Orçamento!M544 -> 3836.28 | D25: =$C25*E25 -> 0 | E25: 0 | F25: =$C25*G25 -> 0 | G25: 0 | H25: =$C25*I25 -> 0 | I25: 0 | J25: =$C25*K25 -> 0 | K25: 0 | L25: =$C25*M25 -> 0 | M25: 0 | N25: =$C25*O25 -> 0 | O25: 0 | P25: =$C25*Q25 -> 0 | Q25: 0 | R25: =$C25*S25 -> 767.26 | S25: 0.2 | T25: =$C25*U25 -> 1534.51 | U25: 0.4 | V25: =$C25*W25 -> 1534.51 | W25: 0.4 | X25: =$C25*Y25 -> 0 | Y25: 0 | Z25: =$C25*AA25 -> 0 | AA25: 0 | AB25: =$C25*AC25 -> 0 | AC25: 0 | AD25: =$C25*AE25 -> 0 | AE25: 0 | AG25: =C25-D25-F25-H25-J25-L25-N25-P25-R25-T25-V25-X25-Z25-AB25-AD25 -> 0 | AH25: =E25+G25+I25+K25+M25+O25+Q25+S25+U25+W25+Y25+AA25+AC25+AE25 -> 1
A26: 17 | B26: =Orçamento!D554 -> SISTEMA DE PROTEÇÃO CONTRA INCÊNDIO | C26: =Orçamento!M554 -> 144914.14 | D26: =$C26*E26 -> 0 | E26: 0 | F26: =$C26*G26 -> 0 | G26: 0 | H26: =$C26*I26 -> 0 | I26: 0 | J26: =$C26*K26 -> 0 | K26: 0 | L26: =$C26*M26 -> 0 | M26: 0 | N26: =$C26*O26 -> 28982.83 | O26: 0.2 | P26: =$C26*Q26 -> 43474.24 | Q26: 0.3 | R26: =$C26*S26 -> 36228.54 | S26: 0.25 | T26: =$C26*U26 -> 21737.12 | U26: 0.15 | V26: =$C26*W26 -> 0 | W26: 0 | X26: =$C26*Y26 -> 0 | Y26: 0 | Z26: =$C26*AA26 -> 0 | AA26: 0 | AB26: =$C26*AC26 -> 0 | AC26: 0 | AD26: =$C26*AE26 -> 14491.41 | AE26: 0.1 | AG26: =C26-D26-F26-H26-J26-L26-N26-P26-R26-T26-V26-X26-Z26-AB26-AD26 -> 0 | AH26: =E26+G26+I26+K26+M26+O26+Q26+S26+U26+W26+Y26+AA26+AC26+AE26 -> 1
A27: 18 | B27: =Orçamento!D588 -> INSTALAÇÃO ELÉTRICA - 110V | C27: =Orçamento!M588 -> 663436.97 | D27: =$C27*E27 -> 0 | E27: 0 | F27: =$C27*G27 -> 0 | G27: 0 | H27: =$C27*I27 -> 0 | I27: 0 | J27: =$C27*K27 -> 0 | K27: 0 | L27: =$C27*M27 -> 0 | M27: 0 | N27: =$C27*O27 -> 99515.55 | O27: 0.15 | P27: =$C27*Q27 -> 165859.24 | Q27: 0.25 | R27: =$C27*S27 -> 132687.39 | S27: 0.2 | T27: =$C27*U27 -> 132687.39 | U27: 0.2 | V27: =$C27*W27 -> 66343.7 | W27: 0.1 | X27: =$C27*Y27 -> 66343.7 | Y27: 0.1 | Z27: =$C27*AA27 -> 0 | AA27: 0 | AB27: =$C27*AC27 -> 0 | AC27: 0 | AD27: =$C27*AE27 -> 0 | AE27: 0 | AG27: =C27-D27-F27-H27-J27-L27-N27-P27-R27-T27-V27-X27-Z27-AB27-AD27 -> 0 | AH27: =E27+G27+I27+K27+M27+O27+Q27+S27+U27+W27+Y27+AA27+AC27+AE27 -> 1
A28: 19 | B28: =Orçamento!D687 -> INSTALAÇÕES DE CLIMATIZAÇÃO | C28: =Orçamento!M687 -> 57189.22 | D28: =$C28*E28 -> 0 | E28: 0 | F28: =$C28*G28 -> 0 | G28: 0 | H28: =$C28*I28 -> 0 | I28: 0 | J28: =$C28*K28 -> 0 | K28: 0 | L28: =$C28*M28 -> 0 | M28: 0 | N28: =$C28*O28 -> 0 | O28: 0 | P28: =$C28*Q28 -> 0 | Q28: 0 | R28: =$C28*S28 -> 8578.38 | S28: 0.15 | T28: =$C28*U28 -> 20016.23 | U28: 0.35 | V28: =$C28*W28 -> 17156.77 | W28: 0.3 | X28: =$C28*Y28 -> 11437.84 | Y28: 0.2 | Z28: =$C28*AA28 -> 0 | AA28: 0 | AB28: =$C28*AC28 -> 0 | AC28: 0 | AD28: =$C28*AE28 -> 0 | AE28: 0 | AG28: =C28-D28-F28-H28-J28-L28-N28-P28-R28-T28-V28-X28-Z28-AB28-AD28 -> 0 | AH28: =E28+G28+I28+K28+M28+O28+Q28+S28+U28+W28+Y28+AA28+AC28+AE28 -> 1
A29: 20 | B29: =Orçamento!D703 -> INSTALAÇÕES DE CABEAMENTO ESTRUTURADO | C29: =Orçamento!M703 -> 162182.37 | D29: =$C29*E29 -> 0 | E29: 0 | F29: =$C29*G29 -> 0 | G29: 0 | H29: =$C29*I29 -> 0 | I29: 0 | J29: =$C29*K29 -> 0 | K29: 0 | L29: =$C29*M29 -> 0 | M29: 0 | N29: =$C29*O29 -> 0 | O29: 0 | P29: =$C29*Q29 -> 0 | Q29: 0 | R29: =$C29*S29 -> 16218.24 | S29: 0.1 | T29: =$C29*U29 -> 32436.47 | U29: 0.2 | V29: =$C29*W29 -> 48654.71 | W29: 0.3 | X29: =$C29*Y29 -> 64872.95 | Y29: 0.4 | Z29: =$C29*AA29 -> 0 | AA29: 0 | AB29: =$C29*AC29 -> 0 | AC29: 0 | AD29: =$C29*AE29 -> 0 | AE29: 0 | AG29: =C29-D29-F29-H29-J29-L29-N29-P29-R29-T29-V29-X29-Z29-AB29-AD29 -> 0 | AH29: =E29+G29+I29+K29+M29+O29+Q29+S29+U29+W29+Y29+AA29+AC29+AE29 -> 1
A30: 21 | B30: =Orçamento!D742 -> SISTEMA DE EXAUSTÃO MECÂNICA | C30: =Orçamento!M742 -> 11982.97 | D30: =$C30*E30 -> 0 | E30: 0 | F30: =$C30*G30 -> 0 | G30: 0 | H30: =$C30*I30 -> 0 | I30: 0 | J30: =$C30*K30 -> 0 | K30: 0 | L30: =$C30*M30 -> 0 | M30: 0 | N30: =$C30*O30 -> 0 | O30: 0 | P30: =$C30*Q30 -> 0 | Q30: 0 | R30: =$C30*S30 -> 0 | S30: 0 | T30: =$C30*U30 -> 0 | U30: 0 | V30: =$C30*W30 -> 0 | W30: 0 | X30: =$C30*Y30 -> 2396.59 | Y30: 0.2 | Z30: =$C30*AA30 -> 4793.19 | AA30: 0.4 | AB30: =$C30*AC30 -> 4793.19 | AC30: 0.4 | AD30: =$C30*AE30 -> 0 | AE30: 0 | AG30: =C30-D30-F30-H30-J30-L30-N30-P30-R30-T30-V30-X30-Z30-AB30-AD30 -> 0 | AH30: =E30+G30+I30+K30+M30+O30+Q30+S30+U30+W30+Y30+AA30+AC30+AE30 -> 1
A31: 22 | B31: =Orçamento!D745 -> SISTEMA DE PROTEÇÃO CONTRA DESCARGAS ATMOSFÉRICAS (SPDA) | C31: =Orçamento!M745 -> 70627.74 | D31: =$C31*E31 -> 0 | E31: 0 | F31: =$C31*G31 -> 0 | G31: 0 | H31: =$C31*I31 -> 0 | I31: 0 | J31: =$C31*K31 -> 0 | K31: 0 | L31: =$C31*M31 -> 0 | M31: 0 | N31: =$C31*O31 -> 0 | O31: 0 | P31: =$C31*Q31 -> 0 | Q31: 0 | R31: =$C31*S31 -> 0 | S31: 0 | T31: =$C31*U31 -> 0 | U31: 0 | V31: =$C31*W31 -> 35313.87 | W31: 0.5 | X31: =$C31*Y31 -> 21188.32 | Y31: 0.3 | Z31: =$C31*AA31 -> 14125.55 | AA31: 0.2 | AB31: =$C31*AC31 -> 0 | AC31: 0 | AD31: =$C31*AE31 -> 0 | AE31: 0 | AG31: =C31-D31-F31-H31-J31-L31-N31-P31-R31-T31-V31-X31-Z31-AB31-AD31 -> 0 | AH31: =E31+G31+I31+K31+M31+O31+Q31+S31+U31+W31+Y31+AA31+AC31+AE31 -> 1
A32: 23 | B32: =Orçamento!D762 -> SERVIÇOS COMPLEMENTARES | C32: =Orçamento!M762 -> 245512.9 | D32: =$C32*E32 -> 0 | E32: 0 | F32: =$C32*G32 -> 0 | G32: 0 | H32: =$C32*I32 -> 0 | I32: 0 | J32: =$C32*K32 -> 0 | K32: 0 | L32: =$C32*M32 -> 0 | M32: 0 | N32: =$C32*O32 -> 0 | O32: 0 | P32: =$C32*Q32 -> 0 | Q32: 0 | R32: =$C32*S32 -> 0 | S32: 0 | T32: =$C32*U32 -> 0 | U32: 0 | V32: =$C32*W32 -> 0 | W32: 0 | X32: =$C32*Y32 -> 0 | Y32: 0 | Z32: =$C32*AA32 -> 49102.58 | AA32: 0.2 | AB32: =$C32*AC32 -> 73653.87 | AC32: 0.3 | AD32: =$C32*AE32 -> 122756.45 | AE32: 0.5 | AG32: =C32-D32-F32-H32-J32-L32-N32-P32-R32-T32-V32-X32-Z32-AB32-AD32 -> 0 | AH32: =E32+G32+I32+K32+M32+O32+Q32+S32+U32+W32+Y32+AA32+AC32+AE32 -> 1
A33: 24 | B33: =Orçamento!D776 -> SERVIÇOS FINAIS | C33: =Orçamento!M776 -> 20360.77 | D33: =$C33*E33 -> 0 | E33: 0 | F33: =$C33*G33 -> 0 | G33: 0 | H33: =$C33*I33 -> 0 | I33: 0 | J33: =$C33*K33 -> 0 | K33: 0 | L33: =$C33*M33 -> 0 | M33: 0 | N33: =$C33*O33 -> 0 | O33: 0 | P33: =$C33*Q33 -> 0 | Q33: 0 | R33: =$C33*S33 -> 0 | S33: 0 | T33: =$C33*U33 -> 0 | U33: 0 | V33: =$C33*W33 -> 0 | W33: 0 | X33: =$C33*Y33 -> 0 | Y33: 0 | Z33: =$C33*AA33 -> 0 | AA33: 0 | AB33: =$C33*AC33 -> 0 | AC33: 0 | AD33: =$C33*AE33 -> 20360.77 | AE33: 1 | AG33: =C33-D33-F33-H33-J33-L33-N33-P33-R33-T33-V33-X33-Z33-AB33-AD33 -> 0 | AH33: =E33+G33+I33+K33+M33+O33+Q33+S33+U33+W33+Y33+AA33+AC33+AE33 -> 1
A34: 25 | B34: =Orçamento!D779 -> ADMINISTRAÇÃO LOCAL | C34: =Orçamento!M779 -> 569067.8 | D34: =$C34*E34 -> 40631.44 | E34: 0.0714 | F34: =$C34*G34 -> 40631.44 | G34: 0.0714 | H34: =$C34*I34 -> 40631.44 | I34: 0.0714 | J34: =$C34*K34 -> 40631.44 | K34: 0.0714 | L34: =$C34*M34 -> 40631.44 | M34: 0.0714 | N34: =$C34*O34 -> 40631.44 | O34: 0.0714 | P34: =$C34*Q34 -> 40631.44 | Q34: 0.0714 | R34: =$C34*S34 -> 40631.44 | S34: 0.0714 | T34: =$C34*U34 -> 40631.44 | U34: 0.0714 | V34: =$C34*W34 -> 40631.44 | W34: 0.0714 | X34: =$C34*Y34 -> 40688.35 | Y34: 0.0715 | Z34: =$C34*AA34 -> 40688.35 | AA34: 0.0715 | AB34: =$C34*AC34 -> 40688.35 | AC34: 0.0715 | AD34: =$C34*AE34 -> 40688.35 | AE34: 0.0715 | AG34: =C34-D34-F34-H34-J34-L34-N34-P34-R34-T34-V34-X34-Z34-AB34-AD34 -> 0 | AH34: =E34+G34+I34+K34+M34+O34+Q34+S34+U34+W34+Y34+AA34+AC34+AE34 -> 1
B35: VALOR TOTAL DA OBRA | C35: =SUM(C10:C34) -> 10163053 | AG35: =C35-D35-F35-H35-J35-L35-N35-P35-R35-T35-V35-X35-Z35-AB35-AD35 -> 10163053 | AH35: =E35+G35+I35+K35+M35+O35+Q35+S35+U35+W35+Y35+AA35+AC35+AE35 -> 0
A37: NO PERIODO | D37: =SUM(D10:D35) -> 508670.66 | E37: =D37/C35 -> 0.0501 | F37: =SUM(F10:F35) -> 628033.21 | G37: =F37/C35 -> 0.0618 | H37: =SUM(H10:H35) -> 1559730.2 | I37: =H37/C35 -> 0.1535 | J37: =SUM(J10:J35) -> 889167.58 | K37: =J37/C35 -> 0.0875 | L37: =SUM(L10:L35) -> 830141.98 | M37: =L37/C35 -> 0.0817 | N37: =SUM(N10:N35) -> 725337.5 | O37: =N37/C35 -> 0.0714 | P37: =SUM(P10:P35) -> 846354.51 | Q37: =P37/C35 -> 0.0833 | R37: =SUM(R10:R35) -> 814317.07 | S37: =R37/C35 -> 0.0801 | T37: =SUM(T10:T35) -> 1052952 | U37: =T37/C35 -> 0.1036 | V37: =SUM(V10:V35) -> 889324.42 | W37: =V37/C35 -> 0.0875 | X37: =SUM(X10:X35) -> 634332.74 | Y37: =X37/C35 -> 0.0624 | Z37: =SUM(Z10:Z35) -> 326166.82 | AA37: =Z37/C35 -> 0.0321 | AB37: =SUM(AB10:AB35) -> 244881.19 | AC37: =AB37/C35 -> 0.0241 | AD37: =SUM(AD10:AD35) -> 213643.04 | AE37: =AD37/C35 -> 0.021
A38: ACUMULADO | D38: =D37 -> 508670.66 | E38: =E37 -> 0.0501 | F38: =F37+D38 -> 1136703.9 | G38: =G37+E38 -> 0.1119 | H38: =H37+F38 -> 2696434 | I38: =I37+G38 -> 0.2654 | J38: =J37+H38 -> 3585601.6 | K38: =K37+I38 -> 0.3529 | L38: =L37+J38 -> 4415743.6 | M38: =M37+K38 -> 0.4346 | ... AE38: =AE37+AC38 -> 1
A39: _______________________________________________________________ Victória Heloisa de Lima Servilha Arquiteta e Urbanista - CAU Nº A189766-7

Sheet Composições
D1: MUNICÍPIO DE INOCÊNCIA/MS Rua João Batista Parreira, 522, Centro – CEP 79580-000 CNPJ: 03.342.938/0001-88 | E1: OBJETO: Construção de Escola padrão FNDE 09 salas de dois pavimentos
A4: ÁREA: 1.710,59 m² | E4: B.D.I. | F4: =Orçamento!F2 -> DATA DE REFERÊNCIA
A5: LOCAL: Quadra 20 - Bairro Jardim Pantanal - Loteamento Santa Maria | E5: 0.25 | F5: =Orçamento!F3 -> 46153
A6: Composições Analíticas com Preço Unitário
A7: Composições Principais
A8: 1.4 | B8: Código | C8: Banco | D8: Descrição | E8: Tipo | G8: Und | H8: Quant. | I8: Valor Unit | J8: Total
A9: Composição | B9: 0101002100 | C9: AGESUL | D9: INSTALACAO PROVISORIA DE AGUA E ESGOTO PARA OBRAS DE PORTE PEQUENO | E9: CANTEIRO DE OBRAS | G9: UN | H9: 1 | I9: 2433.25 | J9: 2433.25
A10: Insumo | B10: 2532 | C10: AGESUL | D10: TUBO PVC SERIE NORMAL, DN 100 MM, PARA ESGOTO PREDIAL (NBR 5688) - SINAPI - 00009836 | E10: Material | G10: M | H10: 12 | I10: 16.91 | J10: 202.92
A11: Insumo | B11: 2914 | C11: AGESUL | D11: TUBO PVC, SOLDAVEL, DE 32 MM, AGUA FRIA (NBR-5648) - SINAPI - 00009869 | E11: Material | G11: M | H11: 6 | I11: 9.34 | J11: 56.04
A12: Insumo | B12: 2913 | C12: AGESUL | D12: TUBO PVC, SOLDAVEL, DE 25 MM, AGUA FRIA (NBR-5648) - SINAPI - 00009868 | E12: Material | G12: M | H12: 12 | I12: 4.33 | J12: 51.96
A13: Insumo | B13: 4005 | C13: AGESUL | D13: ENCANADOR OU BOMBEIRO HIDRAULICO COM ENCARGOS COMPLEMENTARES - SINAPI - 88267 | E13: Mão de Obra | G13: H | H13: 6 | I13: 26.22 | J13: 157.32
A14: Insumo | B14: 1672 | C14: AGESUL | D14: PECA CIRCULAR PRE-MOLDADA, VOLUME DE CONCRETO ACIMA DE 100 LITROS, TAXA DE ACO APROXIMADA DE 30KG/M3. AF_03/2024 - SINAPI - 97740 | E14: Material | G14: m³ | H14: 0.2262 | I14: 2018.94 | J14: 456.68
A15: Insumo | B15: 1660 | C15: AGESUL | D15: ANEL DE CONCRETO ARMADO, COM FUROS/DRENO PARA SUMIDOURO, D = 1,00 M, H = 0,50M - SINAPI - 00041638 | E15: Material | G15: UN | H15: 3 | I15: 207.15 | J15: 621.45
A16: Insumo | B16: 1647 | C16: AGESUL | D16: MANGUEIRA CRISTAL, LISA, PVC TRANSPARENTE, 1/2" X 2 MM - SINAPI - 00037458 | E16: Material | G16: M | H16: 50 | I16: 5.5 | J16: 275
A17: Insumo | B17: 1673 | C17: AGESUL | D17: CAIXA DE GORDURA SIMPLES (CAPACIDADE: 36L), RETANGULAR, EM ALVENARIA COM TIJOLOS CERAMICOS MACICOS, DIMENSOES INTERNAS = 0,2X0,4 M, ALTURA INTERNA = 0,8 M. AF_12/2020 - SINAPI - 98104 | E17: Material | G17: UN | H17: 1 | I17: 362.28 | J17: 362.28
A18: Insumo | B18: 4052 | C18: AGESUL | D18: AUXILIAR DE ENCANADOR OU BOMBEIRO HIDRAULICO COM ENCARGOS COMPLEMENTARES - SINAPI - 88248 | E18: Mão de Obra | G18: H | H18: 6 | I18: 21.73 | J18: 130.38
A19: Insumo | B19: 4014 | C19: AGESUL | D19: SERVENTE COM ENCARGOS COMPLEMENTARES - SINAPI - 88316 | E19: Mão de Obra | G19: H | H19: 2 | I19: 21.55 | J19: 43.1
A20: Insumo | B20: 1641 | C20: AGESUL | D20: TORNEIRA PLASTICA PARA TANQUE 1/2" OU 3/4" COM BICO PARA MANGUEIRA - SINAPI - 00011831 | E20: Material | G20: UN | H20: 4 | I20: 19.03 | J20: 76.12
E21: MO sem LS => | F21: 330.8 | G21: LS => | H21: 0 | I21: MO com LS => | J21: 330.8
E22: Valor do BDI => | F22: 608.31 | H22: Valor com BDI => | J22: 3041.56
A24: 1.7 | B24: Código | C24: Banco | D24: Descrição | E24: Tipo | G24: Und | H24: Quant. | I24: Valor Unit | J24: Total
A25: Composição | B25: 0101001181 | C25: AGESUL | D25: LOCACAO DE CONTAINER PARA DEPOSITO DE (2,30 X 6,00)M, ALT. 2,50M, SEM DIVISORIAS INTERNAS E SEM SANITARIO, EXC TRANSP/CARGA/DESCARGA | E25: 1 | G25: MES | H25: 1 | I25: 725.58 | J25: 725.58
A26: Insumo | B26: 3497 | C26: AGESUL | D26: LOCACAO DE CONTAINER PARA DEPOSITO DE (2,30 X 6,00)M, ALT. 2,50M, SEM DIVISORIAS INTERNAS E SEM SANITARIO, EXCL TRANSP/CARGA/DESCARGA (SINAPI 10776) | E26: Material | G26: MES | H26: 1 | I26: 725.58 | J26: 725.58
E27: MO sem LS => | F27: 0 | G27: LS => | H27: 0 | I27: MO com LS => | J27: 0
E28: Valor do BDI => | F28: 181.39 | H28: Valor com BDI => | J28: 906.97
A30: 1.8 | B30: Código | C30: Banco | D30: Descrição | E30: Tipo | G30: Und | H30: Quant. | I30: Valor Unit | J30: Total
A31: Composição | B31: 0101001186 | C31: AGESUL | D31: LOCACAO DE CONTAINER 2,30 X 6,00 M, ALT. 2,50 M, COM 1 SANITARIO, PARA ESCRITORIO, COMPLETO, SEM DIVISORIAS INTERNAS, EXCLUSIVE TRANSPORTE/CARGA/DESCARGA | E31: 1 | G31: MES | H31: 1 | I31: 928.75 | J31: 928.75
A32: Insumo | B32: 6366 | C32: AGESUL | D32: LOCACAO DE CONTAINER 2,30 X 6,00 M, ALT. 2,50 M, COM 1 SANITARIO, PARA ESCRITORIO, COMPLETO, SEM DIVISORIAS INTERNAS (NAO INCLUI MOBILIZACAO/DESMOBILIZACAO) - SINAPI - 00010775 | E32: Material | G32: MES | H32: 1 | I32: 928.75 | J32: 928.75
E33: MO sem LS => | F33: 0 | G33: LS => | H33: 0 | I33: MO com LS => | J33: 0
E34: Valor do BDI => | F34: 232.18 | H34: Valor com BDI => | J34: 1160.93
A36: 1.9 | B36: Código | C36: Banco | D36: Descrição | E36: Tipo | G36: Und | H36: Quant. | I36: Valor Unit | J36: Total
A37: Composição | B37: 0101001191 | C37: AGESUL | D37: LOCACAO DE CONTAINER 2,30 X 4,30 M, ALT. 2,50 M, PARA SANITARIO, COM 3 BACIAS, 4 CHUVEIROS, 1 LAVATORIO E 1 MICTORIO, EXCLUSIVE TRANSPORTE/CARGA/DESCARGA | E37: 1 | G37: MES | H37: 1 | I37: 1054.51 | J37: 1054.51
A38: Insumo | B38: 6368 | C38: AGESUL | D38: LOCACAO DE CONTAINER 2,30 X 4,30 M, ALT. 2,50 M, PARA SANITARIO, COM 3 BACIAS, 4 CHUVEIROS, 1 LAVATORIO E 1 MICTORIO (NAO INCLUI MOBILIZACAO/DESMOBILIZACAO) - SINAPI - 00010777 | E38: Material | G38: MES | H38: 1 | I38: 1054.51 | J38: 1054.51
E39: MO sem LS => | F39: 0 | G39: LS => | H39: 0 | I39: MO com LS => | J39: 0
E40: Valor do BDI => | F40: 263.62 | H40: Valor com BDI => | J40: 1318.13
A42: 1.10 | B42: Código | C42: Banco | D42: Descrição | E42: Tipo | G42: Und | H42: Quant. | I42: Valor Unit | J42: Total
A43: Composição | B43: 0101001196 | C43: AGESUL | D43: MOBILIZACAO E DESMOBILIZACAO DE CONTAINER | E43: 1 | G43: UN | H43: 1 | I43: 1099.76 | J43: 1099.76
A44: Insumo | B44: 6614 | C44: AGESUL | D44: GUINDAUTO HIDRAULICO, CAPACIDADE MAXIMA DE CARGA 6200 KG, MOMENTO MAXIMO DE CARGA 11,7 TM, ALCANCE MAXIMO HORIZONTAL 9,70 M, INCLUSIVE CAMINHAO TOCO PBT 16.000 KG, POTENCIA DE 189 CV - CHP DIURNO. AF_06/2014 - SINAPI - 5928 | E44: Material | G44: CHP | H44: 4 | I44: 274.94 | J44: 1099.76
E45: MO sem LS => | F45: 0 | G45: LS => | H45: 0 | I45: MO com LS => | J45: 0
E46: Valor do BDI => | F46: 274.94 | H46: Valor com BDI => | J46: 1374.7
A48: 5.3.2 | B48: Código | C48: Banco | D48: Descrição | E48: Tipo | G48: Und | H48: Quant. | I48: Valor Unit | J48: Total
A49: Composição | B49: 090088 | C49: SBC | D49: DIVISORIA COMPENSADO RESINADO REVEST.C/LAMINADO MELAMINICO | E49: PAREDES E PAINEIS | G49: m² | H49: 1 | I49: 377.47 | J49: 377.47
A50: Insumo | B50: 099360 | C50: SBC | D50: CARPINTEIRO DE ESQUADRIA | E50: Mão de Obra | G50: H | H50: 4.038 | I50: 20.46 | J50: 82.62
A51: Insumo | B51: 099449 | C51: SBC | D51: AJUDANTE DE CARPINTEIRO | E51: Mão de Obra | G51: H | H51: 4.245 | I51: 16.56 | J51: 70.29
A52: Insumo | B52: 000157 | C52: SBC | D52: CHAPA DE LAMINADO MELAMINICO 1,3mm 1,25x3,08m (3,85m2)FOS/BRILHO | E52: Material | G52: m² | H52: 2.099 | I52: 80.49 | J52: 168.94
A53: Insumo | B53: 005983 | C53: SBC | D53: CHAPA DE COMPENSADO PLASTIFICADO 15mm 2,20x1,10 (2,42m2) | E53: Material | G53: m² | H53: 0.34 | I53: 78.9 | J53: 26.82
A54: Insumo | B54: 008272 | C54: SBC | D54: COLA PARA LAMINADO FORMICA 3,78kg/m2 | E54: Material | G54: KG | H54: 0.76 | I54: 37.9 | J54: 28.8
E55: MO sem LS => | F55: 152.91 | G55: LS => | H55: 0 | I55: MO com LS => | J55: 152.91
E56: Valor do BDI => | F56: 94.36 | H56: Valor com BDI => | J56: 471.83
A58: 5.3.5 | B58: Código | C58: Banco | D58: Descrição | E58: Tipo | G58: Und | H58: Quant. | I58: Valor Unit | J58: Total
A59: Composição | B59: 14.31.030 | C59: CPOS/CDHU | D59: Fechamento em placa cimentícia com espessura de 12 mm | E59: 14.31 | G59: m² | H59: 1 | I59: 233.91 | J59: 233.91
A60: Insumo | B60: B.01.000.010144 | C60: CPOS/CDHU | D60: Serralheiro | E60: Mão de Obra | G60: H | H60: 2 | I60: 33.65 | J60: 67.3
A61: Insumo | B61: B.01.000.010111 | C61: CPOS/CDHU | D61: Carpinteiro | E61: Mão de Obra | G61: H | H61: 1 | I61: 25.79 | J61: 25.79
A62: Insumo | B62: F.08.000.062026 | C62: CPOS/CDHU | D62: Guia de polietileno Tarucel, diâmetro de 15 mm | E62: Material | G62: M | H62: 1 | I62: 0.54 | J62: 0.54
A63: Insumo | B63: I.05.000.021057 | C63: CPOS/CDHU | D63: Placa cimentícia impermeabilizada com espessura de 12mm, placa de 1,20 x 2,40m; ref. Brasilit ou equivalente | E63: Material | G63: m² | H63: 1.1 | I63: 66.3 | J63: 72.93
A64: Insumo | B64: B.01.000.010101 | C64: CPOS/CDHU | D64: Ajudante geral | E64: Mão de Obra | G64: H | H64: 2 | I64: 21.19 | J64: 42.38
A65: Insumo | B65: E.05.000.026678 | C65: CPOS/CDHU | D65: Ferro cantoneira abas iguais em aço carbono, de 1´ x 1´ x 1/8´ | E65: Material | G65: KG | H65: 2 | I65: 8.55 | J65: 17.1
A66: Insumo | B66: F.08.000.024103 | C66: CPOS/CDHU | D66: Mastique silicone Silix 567; referência comercial Rhodia / Dow Corning 791 ou equivalente | E66: Material | G66: bg | H66: 0.18 | I66: 43.73 | J66: 7.87
E67: MO sem LS => | F67: 135.47 | G67: LS => | H67: 0 | I67: MO com LS => | J67: 135.47
E68: Valor do BDI => | F68: 58.47 | H68: Valor com BDI => | J68: 292.38
A70: 6.2.3 | B70: Código | C70: Banco | D70: Descrição | E70: Tipo | G70: Und | H70: Quant. | I70: Valor Unit | J70: Total
A71: Composição | B71: ARQ.05.2026 | C71: Próprio | D71: CHAPA METÁLICA (ALUMÍNIO) 0,90 M X 0,40 M, ESPESSURA 1 MM PARA AS PORTAS | G71: M² | H71: 1 | I71: 175.98 | J71: 175.98
A72: Composição Auxiliar | B72: 88261 | C72: SINAPI | D72: CARPINTEIRO DE ESQUADRIAS COM ENCARGOS COMPLEMENTARES | E72: Livro SINAPI: Cálculos e Parâmetros | G72: H | H72: 0.426 | I72: 25.02 | J72: 10.65
A73: Composição Auxiliar | B73: 88316 | C73: SINAPI | D73: SERVENTE COM ENCARGOS COMPLEMENTARES | E73: Livro SINAPI: Cálculos e Parâmetros | G73: H | H73: 0.426 | I73: 21.55 | J73: 9.18
A74: Insumo | B74: 00011026 | C74: SINAPI | D74: CHAPA DE ACO GALVANIZADA BITOLA GSG 14, E = 1,95 MM (15,60 KG/M2) | E74: Material | G74: KG | H74: 15.6 | I74: 10.01 | J74: 156.15
E75: MO sem LS => | F75: 14.39 | G75: LS => | H75: 0 | I75: MO com LS => | J75: 14.39
E76: Valor do BDI => | F76: 43.99 | H76: Valor com BDI => | J76: 219.97
A78: 6.3.6 | B78: Código | C78: Banco | D78: Descrição | E78: Tipo | G78: Und | H78: Quant. | I78: Valor Unit | J78: Total
A79: Composição | B79: ARQ.07.2026 | C79: Próprio | D79: PORTA DE ABRIR EM CHAPA DE ALUMÍNIO COM BANDEIRA 70CM E VIDRO - INCLUSIVE FERRAGENS E VIDRO MONOLÍTICO | G79: M² | H79: 1 | I79: 525.26 | J79: 525.26
A80: Composição Auxiliar | B80: 88309 | C80: SINAPI | D80: PEDREIRO COM ENCARGOS COMPLEMENTARES | E80: Livro SINAPI: Cálculos e Parâmetros | G80: H | H80: 0.282 | I80: 26.87 | J80: 7.57
A81: Composição Auxiliar | B81: 88316 | C81: SINAPI | D81: SERVENTE COM ENCARGOS COMPLEMENTARES | E81: Livro SINAPI: Cálculos e Parâmetros | G81: H | H81: 0.141 | I81: 21.55 | J81: 3.03
A82: Insumo | B82: 00000142 | C82: SINAPI | D82: SELANTE ELASTICO MONOCOMPONENTE A BASE DE POLIURETANO (PU) PARA JUNTAS DIVERSAS | E82: Material | G82: 310ML | H82: 0.0637 | I82: 32.99 | J82: 2.1
A83: Insumo | B83: 00004922 | C83: SINAPI | D83: PORTA DE CORRER EM ALUMINIO, DUAS FOLHAS MOVEIS COM VIDRO, FECHADURA E PUXADOR EMBUTIDO, ACABAMENTO ANODIZADO NATURAL, SEM GUARNICAO/ALIZAR/VISTA | E83: Material | G83: m² | H83: 1 | I83: 423.96 | J83: 423.96
A84: Insumo | B84: 00007568 | C84: SINAPI | D84: BUCHA DE NYLON SEM ABA S10, COM PARAFUSO DE 6,10 X 65 MM EM ACO ZINCADO COM ROSCA SOBERBA, CABECA CHATA E FENDA PHILLIPS | E84: Material | G84: UN | H84: 4.72 | I84: 0.43 | J84: 2.02
A85: Insumo | B85: 00036888 | C85: SINAPI | D85: GUARNICAO / MOLDURA / ARREMATE DE ACABAMENTO PARA ESQUADRIA, EM ALUMINIO PERFIL 25, ACABAMENTO ANODIZADO BRANCO OU BRILHANTE, PARA 1 FACE | E85: Material | G85: M | H85: 2.202 | I85: 39.32 | J85: 86.58
E86: MO sem LS => | F86: 7.77 | G86: LS => | H86: 0 | I86: MO com LS => | J86: 7.77
E87: Valor do BDI => | F87: 131.31 | H87: Valor com BDI => | J87: 656.57
A89: 6.3.7 | B89: Código | C89: Banco | D89: Descrição | E89: Tipo | G89: Und | H89: Quant. | I89: Valor Unit | J89: Total
A90: Composição | B90: ARQ.08.2026 | C90: Próprio | D90: PORTA DE CORRER EM CHAPA DE ALUMÍNIO COM BANDEIRA 70CM E VIDRO - INCLUSIVE FERRAGENS E VIDRO | G90: M² | H90: 1 | I90: 525.26 | J90: 525.26
A91: Composição Auxiliar | B91: 88316 | C91: SINAPI | D91: SERVENTE COM ENCARGOS COMPLEMENTARES | E91: Livro SINAPI: Cálculos e Parâmetros | G91: H | H91: 0.141 | I91: 21.55 | J91: 3.03
A92: Composição Auxiliar | B92: 88309 | C92: SINAPI | D92: PEDREIRO COM ENCARGOS COMPLEMENTARES | E92: Livro SINAPI: Cálculos e Parâmetros | G92: H | H92: 0.282 | I92: 26.87 | J92: 7.57
A93: Insumo | B93: 00036888 | C93: SINAPI | D93: GUARNICAO / MOLDURA / ARREMATE DE ACABAMENTO PARA ESQUADRIA, EM ALUMINIO PERFIL 25, ACABAMENTO ANODIZADO BRANCO OU BRILHANTE, PARA 1 FACE | E93: Material | G93: M | H93: 2.202 | I93: 39.32 | J93: 86.58
A94: Insumo | B94: 00007568 | C94: SINAPI | D94: BUCHA DE NYLON SEM ABA S10, COM PARAFUSO DE 6,10 X 65 MM EM ACO ZINCADO COM ROSCA SOBERBA, CABECA CHATA E FENDA PHILLIPS | E94: Material | G94: UN | H94: 4.72 | I94: 0.43 | J94: 2.02
A95: Insumo | B95: 00000142 | C95: SINAPI | D95: SELANTE ELASTICO MONOCOMPONENTE A BASE DE POLIURETANO (PU) PARA JUNTAS DIVERSAS | E95: Material | G95: 310ML | H95: 0.0637 | I95: 32.99 | J95: 2.1
A96: Insumo | B96: 00004922 | C96: SINAPI | D96: PORTA DE CORRER EM ALUMINIO, DUAS FOLHAS MOVEIS COM VIDRO, FECHADURA E PUXADOR EMBUTIDO, ACABAMENTO ANODIZADO NATURAL, SEM GUARNICAO/ALIZAR/VISTA | E96: Material | G96: m² | H96: 1 | I96: 423.96 | J96: 423.96
E97: MO sem LS => | F97: 7.77 | G97: LS => | H97: 0 | I97: MO com LS => | J97: 7.77
E98: Valor do BDI => | F98: 131.31 | H98: Valor com BDI => | J98: 656.57
A100: 6.3.8 | B100: Código | C100: Banco | D100: Descrição | E100: Tipo | G100: Und | H100: Quant. | I100: Valor Unit | J100: Total
A101: Composição | B101: ARQ.08.2026 | C101: Próprio | D101: PORTA DE CORRER EM CHAPA DE ALUMÍNIO COM BANDEIRA 70CM E VIDRO - INCLUSIVE FERRAGENS E VIDRO | G101: M² | H101: 1 | I101: 525.26 | J101: 525.26
A102: Composição Auxiliar | B102: 88316 | C102: SINAPI | D102: SERVENTE COM ENCARGOS COMPLEMENTARES | E102: Livro SINAPI: Cálculos e Parâmetros | G102: H | H102: 0.141 | I102: 21.55 | J102: 3.03
A103: Composição Auxiliar | B103: 88309 | C103: SINAPI | D103: PEDREIRO COM ENCARGOS COMPLEMENTARES | E103: Livro SINAPI: Cálculos e Parâmetros | G103: H | H103: 0.282 | I103: 26.87 | J103: 7.57
A104: Insumo | B104: 00036888 | C104: SINAPI | D104: GUARNICAO / MOLDURA / ARREMATE DE ACABAMENTO PARA ESQUADRIA, EM ALUMINIO PERFIL 25, ACABAMENTO ANODIZADO BRANCO OU BRILHANTE, PARA 1 FACE | E104: Material | G104: M | H104: 2.202 | I104: 39.32 | J104: 86.58
A105: Insumo | B105: 00007568 | C105: SINAPI | D105: BUCHA DE NYLON SEM ABA S10, COM PARAFUSO DE 6,10 X 65 MM EM ACO ZINCADO COM ROSCA SOBERBA, CABECA CHATA E FENDA PHILLIPS | E105: Material | G105: UN | H105: 4.72 | I105: 0.43 | J105: 2.02
A106: Insumo | B106: 00000142 | C106: SINAPI | D106: SELANTE ELASTICO MONOCOMPONENTE A BASE DE POLIURETANO (PU) PARA JUNTAS DIVERSAS | E106: Material | G106: 310ML | H106: 0.0637 | I106: 32.99 | J106: 2.1
A107: Insumo | B107: 00004922 | C107: SINAPI | D107: PORTA DE CORRER EM ALUMINIO, DUAS FOLHAS MOVEIS COM VIDRO, FECHADURA E PUXADOR EMBUTIDO, ACABAMENTO ANODIZADO NATURAL, SEM GUARNICAO/ALIZAR/VISTA | E107: Material | G107: m² | H107: 1 | I107: 423.96 | J107: 423.96
E108: MO sem LS => | F108: 7.77 | G108: LS => | H108: 0 | I108: MO com LS => | J108: 7.77
E109: Valor do BDI => | F109: 131.31 | H109: Valor com BDI => | J109: 656.57
A111: 6.3.9 | B111: Código | C111: Banco | D111: Descrição | E111: Tipo | G111: Und | H111: Quant. | I111: Valor Unit | J111: Total
A112: Composição | B112: ARQ.09.2026 | C112: Próprio | D112: PORTA DE ABRIR EM CHAPA DE ALUMÍNIO COM BANDEIRA 65CM E VENEZIANA - INCLUSIVE FERRAGENS | G112: M² | H112: 1 | I112: 525.26 | J112: 525.26
A113: Composição Auxiliar | B113: 88316 | C113: SINAPI | D113: SERVENTE COM ENCARGOS COMPLEMENTARES | E113: Livro SINAPI: Cálculos e Parâmetros | G113: H | H113: 0.141 | I113: 21.55 | J113: 3.03
...
